 Dungeon Crawl Stone Soup version 0.30.0 (webtiles) character file.

Game seed: 12997804603564077443

22738474 Wizard1ke the Shapeless Ant (level 27, 323/323 HPs)
             Began as a Formicid Artificer on Nov 14, 2023.
             Was the Champion of Jiyva.
             Escaped with the Orb
             ... and 15 runes on Nov 15, 2023!
             The game lasted 04:00:20 (66306 turns).

Wizard1ke the Shapeless Ant (Formicid Artificer)   Turns: 66306, Time: 04:00:20

Health: 323/323    AC: 52    Str: 32    XL:     27
Magic:  35/37      EV: 26    Int: 16    God:    Jiyva [******]
Gold:   8876       SH: 33    Dex: 22    Spells: 18/46 levels left

rFire   + + .        X - +5 great mace "Killer Bee's Foe" {heavy, rC++}
rCold   + + +        t - +6 tower shield {AC+3}
rNeg    . . .        P - +10 gold dragon scales of the Healing Gods {rElec rPois rF+ rC+ Will+ Int+2}
rPois   +            (helmet unavailable)
rElec   +            K - +4 dragonskin cloak
rCorr   +            M - +0 pair of gloves of Inevitability {Harm Regen+ Int-3 SInv}
SInv    +            T - +0 pair of boots of Vaar {Str+6 Slay+2}
Will    +++++        O - amulet "Idozxis" {Acrobat Contam Drain rC+++ Will+++} Stlth
                     E - ring "Payseo" {Fly rF+ Will+ Int+5}
HPRegen 3.93/turn    N - ring of the Hare {EV+10}
MPRegen 0.75/turn

%: harm (+30% outgoing, +20% incoming), acrobat
@: flying, studying 3 skills
A: permanent stasis, dig shafts and tunnels, antennae 3, four strong arms, agile
2, regeneration 1, robust 3, acidic bite, eyeballs 1, gelatinous body 2,
translucent skin 3, MP-powered wands
0: Orb of Zot
}: 15/15 runes: decaying, slimy, silver, golden, iron, obsidian, icy, bone,
abyssal, demonic, glowing, magical, fiery, dark, gossamer
a: Dig, Shaft Self, Renounce Religion, Oozemancy, Slimify


You escaped.
You worshipped Jiyva.
Jiyva was exalted by your worship.
You visited 18 branches of the dungeon, and saw 84 of its levels.
You visited Pandemonium 1 time, and saw 16 of its levels.
You visited the Abyss 1 time.
You visited 1 ziggurat, and saw 7 of its levels.
You also visited: Ice Cave.

You collected 10808 gold pieces.
You spent 1932 gold pieces at shops.

Inventory:

Hand Weapons
 x - the +13 sceptre of Asmodeus
   (You took it off Asmodeus on level 7 of Gehenna)

   Fire Summon: It may summon demons of flame and damnation when striking foes.
 U - a +4 great sword of distortion
 V - a +7 great mace of holy wrath
 X - the +5 great mace "Killer Bee's Foe" (weapon) {heavy, rC++}
   (You took it off a deep elf death mage on level 3 of the Elven Halls)

   rC:        It greatly protects you from cold.
Missiles
 f - 6 curare-tipped darts
 m - 5 javelins
 A - 2 throwing nets
Armour
 t - a +6 tower shield of protection (worn)
 K - the +4 dragonskin cloak (worn)
   (You took it off Tiamat on level 2 of the Realm of Zot)

   Avatar's Aegis: It grants the wearer a chance to resist fire, cold, poison,
   electricity, acid, and negative energy.
 M - the +0 pair of gloves of Inevitability (worn) {Harm Regen+ Int-3 SInv}
   (You bought it in a shop on level 13 of the Dungeon)

   Int:       It affects your intelligence (-3).
   SInv:      It lets you see invisible.
   Regen:     It increases your rate of health regeneration.
   Harm:      It increases damage dealt and taken.
 P - the +10 gold dragon scales of the Healing Gods (worn) {rElec rPois rF+ rC+ Will+ Int+2}
   (You found it on level 3 of the Elven Halls)

   Int:       It affects your intelligence (+2).
   rF:        It protects you from fire.
   rC:        It protects you from cold.
   rElec:     It insulates you from electricity.
   rPois:     It protects you from poison.
   Will:      It increases your willpower.
 T - the +0 pair of boots of Vaar (worn) {Str+6 Slay+2}
   (You bought it in a shop on level 2 of the Orcish Mines)

   Str:       It affects your strength (+6).
   Slay:      It affects your accuracy & damage with ranged weapons and melee
   (+2).
Jewellery
 s - an amulet of faith
 B - the ring of Nyrchiomi {rN++ MP+9 Int+6 Stlth+}
   (You took it off a deep elf sorcerer on level 3 of the Elven Halls)

   [ring of magical power]

   Int:       It affects your intelligence (+6).
   rN:        It greatly protects you from negative energy.
   MP:        It affects your magic capacity (+9).
   Stlth:     It makes you more stealthy.
 E - the ring "Payseo" (left hand) {Fly rF+ Will+ Int+5}
   (You bought it in a shop on level 3 of the Elven Halls)

   [ring of flight]

   Int:       It affects your intelligence (+5).
   rF:        It protects you from fire.
   Fly:       It grants you flight.
   Will:      It increases your willpower.
 N - the ring of the Hare (right hand) {EV+10}
   (You found it on level 5 of the Pits of Slime)

   [ring of evasion]

   EV:        It affects your evasion (+10).
 O - the amulet "Idozxis" (around neck) {Acrobat Contam Drain rC+++ Will+++}
   (You acquired it on level 2 of the Spider Nest)

   [amulet of the acrobat]

   It increases your evasion while moving and waiting.
   rC:        It renders you almost immune to cold.
   Contam:    It causes magical contamination when unequipped.
   Drain:     It drains your maximum health when unequipped.
   Will:      It greatly increases your willpower.
 W - the ring of Xom's Full Attention {rPois rF+ Slay+3}
   (You found it on level 6 of a ziggurat)

   [ring of protection from fire]

   Slay:      It affects your accuracy & damage with ranged weapons and melee
   (+3).
   rF:        It protects you from fire.
   rPois:     It protects you from poison.
Wands
 b - a wand of polymorph (4)
 d - a wand of charming (9)
 e - a wand of iceblast (5)
 g - a wand of digging (13)
 i - a wand of roots (66)
 y - a wand of paralysis (50)
 Q - a wand of mindburst (28)
 Y - a wand of acid (28)
Scrolls
 k - 12 scrolls of fear
 l - 2 scrolls of silence {!r}
 q - 3 scrolls of fog
 u - a scroll of enchant weapon
 z - a scroll of magic mapping
 D - 4 scrolls of immolation
 F - 8 scrolls of vulnerability
 R - 2 scrolls of summoning
 Z - 4 scrolls of poison
Potions
 c - a potion of might
 h - 3 potions of lignification
 j - 15 potions of curing
 o - 4 potions of resistance
 v - 6 potions of attraction
 w - 26 potions of ambrosia
 C - 4 potions of heal wounds
 H - 6 potions of cancellation
 J - 6 potions of flight
 L - 11 potions of mutation
 S - 4 potions of magic
Miscellaneous
 a - a box of beasts
 n - a lightning rod (4/4)
 p - a phantom mirror
 r - a phial of floods
 G - a figurine of a ziggurat
 I - a tin of tremorstones (2/2)


   Skills:
 O Level 27 Fighting
 - Level 26.0 Maces & Flails
 + Level 26.6 Armour
 - Level 10.0 Dodging
 - Level 1.2 Stealth
 + Level 26.9 Shields
 - Level 10.0 Spellcasting
 - Level 23.8 Necromancy
 - Level 18.8 Translocations
 O Level 27 Transmutations
 - Level 14.0 Evocations


You had 18 spell levels left.
You knew the following spells:

 Your Spells              Type           Power      Damage    Failure   Level
a - Apportation           Tloc           100%       N/A       1%          1
b - Manifold Assault      Tloc           62%        N/A       1%          4
c - Passage of Golubria   Tloc           62%        N/A       1%          4
d - Lesser Beckoning      Tloc           100%       N/A       1%          2
e - Teleport Other        Tloc           62%        N/A       1%          3
f - Necromutation         Tmut/Necr      36%        N/A       9%          8
g - Dispersal             Tloc           31%        N/A       3%          6

Your spell library contained the following spells:

 Spells                   Type           Power      Damage    Failure   Level
 Beastly Appendage        Tmut           100%       N/A       0%          1
 Necrotise                Necr           100%       1d9       0%          1
 Sublimation of Blood     Necr           71%        N/A       0%          2
 Wereblood                Tmut           76%        N/A       0%          2
 Vampiric Draining        Necr           71%        2d11      0%          3
 Sting                    Tmut/Pois      100%       1d8       1%          1
 Passwall                 Tmut/Erth      41%        N/A       1%          2
 Gell's Gravitas          Tloc           62%        N/A       1%          3
 Spider Form              Tmut/Pois      50%        N/A       1%          3
 Animate Dead             Necr           71%        N/A       1%          4
 Ice Form                 Ice/Tmut       50%        N/A       1%          4
 Petrify                  Tmut/Erth      50%        N/A       1%          4
 Agony                    Necr           71%        N/A       1%          5
 Death Channel            Necr           35%        N/A       1%          6
 Dragon Form              Tmut           38%        N/A       1%          7
 Cigotuvi's Dreadful Rot  Necr/Pois/Air  66%        N/A       2%          2
 Volatile Blastmotes      Fire/Tloc      76%        2d16      2%          3
 Anguish                  Hex/Necr       23%        N/A       3%          4
 Alistair's Intoxication  Tmut/Pois      33%        N/A       4%          5
 Yara's Violent Unravell  Hex/Tmut       25%        3d11      4%          5
 Iskenderun's Mystic Bla  Conj/Tloc      38%        2d9       9%          4
 Borgnjor's Vile Clutch   Necr/Erth      23%        N/A       9%          5
 Infestation              Necr           35%        N/A       16%         8
 Eringya's Noxious Bog    Tmut/Pois      25%        N/A       26%         6
 Statue Form              Tmut/Erth      33%        N/A       26%         6
 Magic Dart               Conj           32%        1d4       41%         1
 Sandblast                Erth           16%        2d6       41%         1
 Shock                    Conj/Air       32%        1d5       41%         1
 Summon Small Mammal      Summ           32%        N/A       41%         1
 Simulacrum               Ice/Necr       23%        N/A       45%         6
 Call Imp                 Summ           16%        N/A       54%         2
 Ensorcelled Hibernation  Hex/Ice        16%        N/A       54%         2
 Poisonous Vapours        Pois/Air       16%        N/A       54%         2
 Scorch                   Fire           16%        2d6       54%         2
 Static Discharge         Conj/Air       16%        2-3/arc   54%         2
 Disjunction              Tloc           31%        N/A       77%         8
 Dazzling Flash           Conj/Hex       16%        N/A       78%         3
 Hailstorm                Conj/Ice       8%         3d4       78%         3
 Inner Flame              Hex/Fire       8%         N/A       78%         3
 Mephitic Cloud           Conj/Pois/Air  8%         N/A       78%         3
 Stone Arrow              Conj/Erth      16%        3d8       78%         3
 Summon Guardian Golem    Hex/Summ       8%         N/A       78%         3
 Tukima's Dance           Hex            8%         N/A       78%         3
 Storm Form               Tmut/Air       25%        N/A       82%         7
 Death's Door             Necr           35%        N/A       94%         9
 Haunt                    Necr/Summ      23%        N/A       95%         7
 Airstrike                Air            4%         2d(1-17)  99%         4
 Flame Wave               Conj/Fire      8%         2d5       99%         4
 Leda's Liquefaction      Hex/Erth       4%         N/A       99%         4
 Olgreb's Toxic Radiance  Pois           8%         N/A       99%         4
 Sticky Flame             Conj/Fire      8%         2d3       99%         4
 Summon Ice Beast         Ice/Summ       8%         N/A       99%         4
 Summon Lightning Spire   Summ/Air       8%         N/A       99%         4
 Arcjolt                  Conj/Air       4%         1d14      100%        5
 Lee's Rapid Deconstruct  Erth           4%         3d5*      100%        5
 Silence                  Hex/Air        4%         N/A       100%        5
 Summon Mana Viper        Hex/Summ       8%         N/A       100%        5
 Conjure Ball Lightning   Conj/Air       4%         3x3d6     100%        6
 Plasma Beam              Fire/Air       4%         2x1d15    100%        6
 Starburst                Conj/Fire      4%         6d3       100%        6
 Enfeeble                 Hex            4%         N/A       100%        7
 Orb of Destruction       Conj           4%         9d5       100%        7
 Spellforged Servitor     Conj/Summ      4%         N/A       100%        7
 Discord                  Hex            4%         N/A       100%        8
 Ignition                 Fire           4%         3d4       100%        8
 Lehudib's Crystal Spear  Conj/Erth      4%         10d3      100%        8
 Maxwell's Capacitive Co  Air            4%         ∞         100%        8
 Chain Lightning          Conj/Air       4%         3d5       100%        9
 Fire Storm               Conj/Fire      4%         8d1       100%        9
 Shatter                  Erth           4%         3d7*      100%        9
 Blink                    Tloc           Unusable   N/A       N/A         2
 Vhi's Electric Charge    Tloc/Air       Unusable   N/A       N/A         3
 Swiftness                Air            Unusable   N/A       N/A         3

Dungeon Overview and Level Annotations

Branches:
Dungeon (15/15)            Temple (1/1) D:7            Lair (5/5) D:8
  Swamp (4/4) Lair:2       Spider (4/4) Lair:2        Slime (5/5) Lair:4
    Orc (2/2) D:12            Elf (3/3) Orc:2        Vaults (5/5) D:14
  Crypt (3/3) Vaults:3       Tomb (3/3) Crypt:3      Depths (4/4) D:15
   Hell (visited)             Dis (7/7) Hell            Geh (7/7) Hell
    Coc (7/7) Hell            Tar (7/7) Hell            Zot (5/5) Depths:4
  IceCv (visited)

Altars:
Ashenzari
Cheibriados
Dithmenos
Elyvilon
Fedhas
Gozag
Hepliaklqana
Kikubaaqudgha
Makhleb
Nemelex Xobeh
Okawaru
Qazlal
Ru
Sif Muna
Trog
Uskayaw
Vehumet
Wu Jian
Xom
Yredelemnul
Zin
The Shining One
Jiyva

Shops:
D:9 (   D:12 *   D:13 [   D:15 !   Orc:2 :*[(=   Elf:3 *:==   Vaults:4 (
Depths:3 *

Portals:
Hell: Lair:5 Depths:1 Depths:2 Depths:3 Depths:4
Abyss: Depths:3
Pandemonium: Depths:1 Depths:2
Trove: D:13 (give +5 ice dragon scales)

Annotations:
D:7 2 runed translucent doors
Slime:5 Royal Jelly
Elf:1 3 runed translucent doors, exclusion: 3 doors, Agrajag's ghost, adept TrFi
Vaults:5 !vaults warning
Depths:1 exclusion: orange crystal statue
Zot:1 2 transporters, Catad's ghost, legendary GnFE


Innate Abilities, Weirdness & Mutations

You cannot be hasted, slowed, berserked, paralysed or teleported.
You can dig through walls and to a lower floor.
You have a pair of large antennae on your head. (SInv)
Your four strong arms can wield two-handed weapons with a shield.
You are very agile. (Dex +8, Str/Int -2)
Your natural rate of healing is unusually fast.
You are extremely robust. (+30% HP)
You have acidic saliva.
Your body has grown eyes which may confuse attackers. (Acc +3)
Your pliable body absorbs attacks. (AC +2, EV +2)
Your transparent skin significantly reduces your foes' accuracy. (Stealth+)
You expend magic power (3 MP) to strengthen your wands.


Message History

Where to? (Enter - D:1 @ (x,y), ? - help)
What level of the Dungeon? (default 1, ? - help)
You sense a monster nearby.
There is a stone staircase leading up here.
You fly upwards.
Your transformation is almost over.
There is a stone staircase leading down here.
(D) Dungeon (T) Temple (L) Lair (S) Swamp (N) Spider Nest (M) Slime Pits (O) Orcish Mines (E) Elven Halls (V) Vaults (C) Crypt (W) Tomb (U) Depths (H) Hell (I) Dis (G) Gehenna (X) Cocytus (Y) Tartarus (Z) Zot
Where to? (Enter - D:1 @ (x,y), ? - help)
What level of the Dungeon? (default 1, ? - help)
An angel comes into view. It is wielding a +2 whip of holy wrath.
The angel shouts!
Space momentarily warps into an impossible shape!
You miss the angel.
Space momentarily warps into an impossible shape!
You hammer the angel like a gong!!!
The angel gestures.
The angel is healed somewhat.
Space momentarily warps into an impossible shape!
You miss the angel.
You feel yourself come back to life.
Space momentarily warps into an impossible shape!
You pound the angel like an anvil!!!!
You kill the angel!
Things that are here:
a +2 whip of holy wrath; a +0 robe
(D) Dungeon (T) Temple (L) Lair (S) Swamp (N) Spider Nest (M) Slime Pits (O) Orcish Mines (E) Elven Halls (V) Vaults (C) Crypt (W) Tomb (U) Depths (H) Hell (I) Dis (G) Gehenna (X) Cocytus (Y) Tartarus (Z) Zot
Where to? (Enter - D:1 @ (x,y), ? - help)
There is an empty arch of ancient stone here.
There is a staircase leading out of the dungeon here.
Unknown command.
You have escaped!

#..♣♣∩..♣♣♣..∩♣♣........#.
#..♣♣∩...@...∩♣♣..÷##.....
##.♣♣∩..♣♣♣..∩♣♣...†..###.
#..♣♣∩.....∩♣♣...##### #†
#>.♣♣♣♣∩.∩♣♣♣♣.⌠.# ###.
########.♣♣♣♣.♣♣♣♣....#####...
##..........♣♣.♣♣....####....#.
###........##.......#.#......K.#.
........................##...###.
...##......#######.........### ##
#####......# ##.)....##### #
####.### ###..#..### #
#...###........# ### #
###.........##.# #####.. #
###......###.# ###......
#####...##>## #.###...###..
#######.......##..###..........##


There were no monsters in sight!

Vanquished Creatures
  Antaeus (Coc:7)
  Asmodeus (Geh:7)
  Ereshkigal (Tar:7)
  Gloorx Vloq (Pan)
  Lom Lobon (Pan)
  Mnoleg (Pan)
  8 dread liches
  Tiamat (Zot:2)
  Dispater (Dis:7)
  the Serpent of Hell (Tar:7)
  Khufu (Tomb:3)
  9 orbs of fire
  5 ancient liches
  A juggernaut (Zig:6)
  Sojobo (Depths:1)
  11 shard shrikes
  36 royal mummies
  5 Killer Klowns
  The ghost of Bunoc the Executioner, a veteran FoFi of Dithmenos (Crypt:3)
  5 curse toes
  20 caustic shrikes (Dis:7)
  5 pandemonium lords
  Geryon (Hell)
  17 golden dragons
  12 bone dragons
  6 profane servitors
  9 doom hounds
  Arachne (Spider:4)
  An electric golem (Zot:1)
  10 Tzitzimimeh
  8 hellephants
  12 Brimstone Fiends
  2 spectral shard shrikes
  6 iron giants (Dis:7)
  12 Hell Sentinels
  2 walking earthen tomes (Depths:3)
  21 tentacled monstrosities
  24 Orb Guardians
  20 Ice Fiends
  12 liches
  A walking divine tome (Depths:3)
  5 deep elf blademasters
  13 tainted leviathans
  9 searing wretches
  4 deep elf master archers
  8 quicksilver dragons
  13 titans
  A walking frostbound tome (Depths:3)
  22 Executioners
  14 death cobs
  12 ancient champions
  3 tentacled starspawn (Abyss:3)
  6 tengu reavers
  12 sphinxes
  16 storm dragons
  9 shadow dragons
  5 revenants
  Roxanne (Spider:2)
  8 draconian monks
  5 demonspawn warmongers (Pan)
  Aizul (Lair:2)
  25 balrugs
  18 narguns
  18 fire giants
  8 draconian knights
  8 quicksilver elementals (Dis:7)
  18 frost giants
  7 deep elf sorcerers
  6 draconian scorchers
  4 ghouls
  6 ghost moths
  5 iron dragons
  8 draconian stormcallers
  4 shard shrike simulacra
  2 emperor scorpions
  3 spectral caustic shrikes
  8 deep elf elementalists
  14 vault wardens
  A juggernaut zombie (Crypt:3)
  4 orc warlords
  A spriggan defender (Depths:3)
  A spectral juggernaut (Tar:6)
  11 draconian annihilators
  3 draconian shifters
  9 cacodemons
  6 broodmothers
  2 caustic shrike skeletons
  4 curse skulls
  19 war gargoyles
  2 angels
  5 demonspawn blood saints
  18 stone giants
  13 ironbound preservers
  10 demonspawn corrupters (Pan)
  8 reapers
  30 very ugly things
  A juggernaut skeleton (Depths:2)
  7 ironbound thunderhulks
  8 vampire knights
  8 demonspawn black suns
  12 bennus
  6 bunyips
  17 black draconians
  24 green draconians
  4 deep elf demonologists
  19 elemental wellsprings
  16 purple draconians
  12 putrid mouths
  7 spark wasps
  15 white draconians
  18 yellow draconians
  16 red draconians
  13 dire elephants
  7 deep elf annihilators
  9 lorocyprocas
  18 wendigos
  4 eleionomae
  4 spectral titans
  3 iron golems (Dis:7)
  6 eidola
  6 blizzard demons
  9 deep elf death magi
  15 ettins
  25 mummy priests
  10 green deaths
  13 jiangshi
  15 fire dragons
  4 crystal guardians (Depths:1)
  10 deep elf high priests
  Josephine (D:10)
  A spectral iron giant (Tar:1)
  A spriggan zombie (Tomb:2)
  8 entropy weavers
  4 spectral spriggans
  8 salamander tyrants
  A kraken zombie (Hell)
  7 rakshasas
  17 yaktaur captains
  14 caustic shrike simulacra
  24 vault guards (Vaults:5)
  20 hydras
  5 juggernaut simulacra
  A quicksilver dragon skeleton (Depths:2)
  2 stokers (Geh:4)
  15 ice dragons
  A merfolk avatar (Abyss:3)
  5 hell beasts
  Erica (D:11)
  10 spriggan air magi
  3 ogre magi
  5 radroaches
  7 ironbound frosthearts
  A jorogumo (Spider:4)
  9 centaur warriors
  2 spriggan skeletons
  7 deep troll shamans
  26 dancing weapons
  An Orb Guardian skeleton (Crypt:3)
  2 catoblepae
  94 death scarabs
  9 boulder beetles
  6 two-headed ogres
  3 tengu warriors
  2 spectral dire elephants
  11 deep troll earth magi
  9 death yaks
  5 orc high priests
  11 spriggan berserkers
  7 alligators
  Nergalle (Orc:1)
  37 hell hogs
  8 vampire magi
  66 sun demons
  28 hell knights
  3 crystal echidnas (Dis:7)
  An emperor scorpion zombie (Crypt:2)
  14 deep elf knights
  A titan skeleton (Crypt:3)
  14 soul eaters
  2 wretched stars (Abyss:3)
  20 shadow wraiths
  16 spriggans
  A salamander mystic (Depths:4)
  9 sixfirhies
  A skyshark (Lair:3)
  A bunyip zombie (Crypt:2)
  26 skeletal warriors
  2 quicksilver dragon simulacra
  3 pharaoh ants
  4 goliath frogs
  8 iron trolls
  2 spectral anacondas
  7 orb spiders
  2 anaconda zombies
  6 spriggan druids
  5 flayed ghosts (Depths:2)
  A sun moth (Spider:1)
  6 swamp dragons
  59 deep trolls
  17 deep elf archers
  A spectral hydra (Tar:1)
  4 harpies (Vaults:2)
  10 steelbarb worms
  A golden dragon skeleton (Crypt:1)
  13 orc knights
  7 lindwurms
  14 shadow demons (Pan)
  A golden dragon zombie (Depths:2)
  16 wizards
  8 spriggan simulacra
  13 bog bodies
  15 ironbound convokers
  2 bunyip skeletons
  11 phantasmal warriors
  30 deep elf pyromancers
  A tengu skeleton (Depths:2)
  2 iron dragon zombies (Depths:2)
  5 starcursed masses (Abyss:3)
  A spectral ettin (Tar:3)
  A sphinx zombie (Crypt:1)
  A fenstrider witch simulacrum (Coc:2)
  A will-o-the-wisp (Swamp:1)
  A tengu zombie (Depths:2)
  14 necromancers
  25 deep elf zephyrmancers
  38 ugly things
  A stone giant zombie (Crypt:3)
  12 wolf spiders
  8 orc sorcerers
  5 cyclopes
  2 sphinx skeletons
  A cyclops (shapeshifter) (Zig:7)
  12 elephants
  7 manticores
  45 moths of wrath
  A stone giant skeleton (Depths:2)
  4 salamanders
  7 rust devils (Hell)
  2 iron dragon skeletons
  7 black mambas
  Maurice (Orc:2)
  19 vault sentinels
  A frost giant skeleton (Depths:2)
  A naga zombie (Crypt:3)
  2 centaur zombies (Crypt:3)
  2 spectral centaurs
  11 molten gargoyles
  A gargoyle (D:12)
  15 demonic crawlers
  4 ice statues
  30 smoke demons
  14 torpor snails
  2 centaur skeletons
  22 hellions
  11 cane toads
  3 titan simulacra
  2 unseen horrors
  12 orange demons
  4 rime drakes
  A sea snake zombie (Hell)
  10 freezing wraiths
  7 komodo dragons
  2 anaconda simulacra
  2 ice devils
  5 efreet (Pan)
  24 yaktaurs
  2 bunyip simulacra (Coc:2)
  9 tormentors
  3 tengu conjurers
  3 red devils
  A harpy zombie (Crypt:2)
  2 hydra zombies (Hell)
  2 ancient zymes (Abyss:3)
  An iron giant simulacrum (Coc:7)
  5 spectral harpies
  2 trolls
  49 guardian mummies
  12 meliai
  2 queen bees
  10 tyrant leeches
  10 polar bears
  12 hornets
  2 harpy skeletons
  5 small abominations (Abyss:3)
  A wind drake (shapeshifter) (D:13)
  30 blink frogs
  19 tarantellas
  3 raiju (Abyss:2)
  10 hellwings (Pan)
  2 hydra skeletons
  A blink frog (shapeshifter) (D:13)
  A dream sheep (shapeshifter) (D:13)
  Prince Ribbit (D:8)
  A snapping turtle (shapeshifter) (Vaults:5)
  2 dream sheep (Lair:5)
  An iron dragon simulacrum (Coc:5)
  2 boulder beetle zombies
  An alligator zombie (Hell)
  18 flying skulls
  20 jumping spiders
  29 large abominations
  A satyr zombie (Crypt:3)
  2 centaur simulacra
  A meliai zombie (Crypt:2)
  4 air elementals
  15 water elementals
  A spectral black mamba (Tar:1)
  6 vampires
  21 ynoxinuls
  An alligator skeleton (Hell)
  An ettin skeleton (Crypt:2)
  80 yaks
  18 culicivoras
  6 fire bats
  11 wraiths
  A fire elemental (Elf:2)
  8 wyverns
  7 dire elephant simulacra
  An alligator snapping turtle simulacrum (Coc:2)
  7 ushabtiu
  18 neqoxecs
  9 basilisks
  Eustachio (D:6)
  62 redbacks
  8 vampire mosquitoes
  25 chaos spawn
  A two-headed ogre zombie (Tomb:3)
  18 harpy simulacra
  2 wargs
  A deep troll zombie (Crypt:1)
  4 hydra simulacra
  4 acid dragons
  22 water moccasins
  10 hell hounds
  3 naga skeletons
  Edmund (D:6)
  A faun zombie (Crypt:3)
  A glowing shapeshifter skeleton (Depths:2)
  18 swamp worms
  50 orc warriors
  3 black bears
  3 ice beasts
  2 sky beasts (D:7)
  2 swamp drakes
  6 ettin simulacra
  13 ogres
  6 centaurs
  An ice dragon simulacrum (Coc:1)
  24 wolves
  5 earth elementals
  3 kobold brigands
  7 bullfrogs
  4 naga simulacra
  A necrophage (Crypt:2)
  6 scorpions
  A yaktaur skeleton (Crypt:2)
  18 wights
  A queen bee zombie (Crypt:1)
  A yak zombie (Crypt:3)
  52 killer bees
  2 howler monkeys
  A raiju skeleton (Crypt:2)
  An electric eel (D:11)
  2 lava snakes (D:10)
  4 hounds
  A human zombie (Crypt:1)
  A quasit (Abyss:3)
  23 orc priests
  4 gnoll boudas
  2 iguanas (D:5)
  2 iron imps (Abyss:3)
  A sleepcap (D:6)
  41 orc wizards
  An ogre zombie (Crypt:3)
  64 mummies
  11 gnolls
  12 adders
  A shadow imp (D:7)
  14 white imps
  4 ufetubi
  3 worms
  2 dart slugs
  74 orcs
  9 ball pythons
  A bat skeleton (Crypt:3)
  2 endoplasms (D:1)
  13 giant cockroaches
  4 goblins
  7 hobgoblins
  11 jackals
  6 quokkas
  A ball python zombie (Crypt:2)
  6 bats
  2 frilled lizards (D:3)
  A goblin skeleton (Crypt:1)
  15 kobolds
  4 rats
  A rat skeleton (Crypt:2)
  A ball lightning (Pan)
  4 creeping infernos
  31 fire vortices
  3 starspawn tentacles (Abyss:3)
  2 tentacles (Hell)
3705 creatures vanquished.

Vanquished Creatures (collateral kills)
  the Lernaean hydra (Swamp:4)
  2 caustic shrikes (Dis:7)
  2 Hell Sentinels (Dis:7)
  A walking crystal tome (Depths:3)
  A fenstrider witch (Swamp:3)
  A draconian annihilator (Zot:1)
  A balrug (Pan)
  A war gargoyle (Dis:7)
  2 deep elf annihilators (Elf:3)
  A jiangshi (Depths:2)
  A hydra (Swamp:4)
  2 alligators (Swamp:3)
  A hell knight (Depths:2)
  A spark wasp zombie (Depths:2)
  A flayed ghost (Depths:2)
  4 swamp dragons (Swamp:4)
  2 bog bodies (Swamp:4)
  An orb spider (Spider:3)
  A deep elf pyromancer (Elf:3)
  2 hornets (Swamp:4)
  2 spriggans (Swamp:4)
  4 swamp drakes (Swamp:4)
  A quokka (D:1)
  A fire vortex (Pan)
37 creatures vanquished.

Vanquished Creatures (others)
  Cerebov (Pan)
  A titan (Coc:7)
  14 azure jellies
  A storm dragon (shapeshifter) (Vaults:5)
  A draconian knight (Zot:1)
  A balrug (Pan)
  An ironbound preserver (Vaults:5)
  A very ugly thing (Depths:2)
  An elemental wellspring (Coc:2)
  A lorocyproca (Hell)
  A yellow draconian (Zot:5)
  A purple draconian (Zot:3)
  A dire elephant (Vaults:4)
  A spark wasp (Spider:4)
  A green death (Pan)
  8 great orbs of eyes
  2 yaktaur captains
  2 hydras
  A catoblepas (D:15)
  A spriggan air mage (Pan)
  An anaconda (shapeshifter) (Depths:3)
  2 juggernaut simulacra (Coc:5)
  2 centaur warriors (Vaults:2)
  An orc high priest (Orc:2)
  A deep elf knight (Elf:1)
  6 glowing orange brains
  A wizard (Pan)
  A wolf spider (D:15)
  A cyclops (D:15)
  A manticore (shapeshifter) (Vaults:5)
  A moth of wrath (Zot:5)
  3 elephants (Lair:5)
  A water nymph (shapeshifter) (Elf:1)
  A guardian serpent (shapeshifter) (D:14)
  A vault sentinel (Vaults:3)
  A titan simulacrum (Coc:7)
  2 smoke demons (Pan)
  3 yaktaurs (Vaults:2)
  A hellion (Coc:6)
  A komodo dragon (shapeshifter) (Abyss:3)
  A komodo dragon (Lair:5)
  An iron giant simulacrum (Coc:7)
  2 bloated husks
  3 polar bears (IceCv)
  2 hellwings (Pan)
  A dream sheep (Lair:5)
  A flying skull (Depths:2)
  35 slime creatures
  A jumping spider (shapeshifter) (Depths:3)
  An air elemental (Elf:1)
  A centaur simulacrum (D:15)
  A culicivora (Lair:2)
  A yak (Lair:5)
  A spriggan (D:13)
  A dire elephant simulacrum (Coc:4)
  A basilisk (Lair:5)
  A redback (Spider:3)
  A chaos spawn (Abyss:3)
  3 golden eyes (Pan)
  A vampire mosquito (D:13)
  A water moccasin (Lair:5)
  3 floating eyes
  2 swamp drakes (Swamp:4)
  An ice beast (D:7)
  A black bear (D:7)
  2 wolves (Lair:1)
  A centaur (D:9)
  A bullfrog (D:7)
  A wight (D:8)
  A scorpion (D:6)
  3 killer bees (D:13)
  A hound (D:7)
  2 small abominations
  392 jellies
  10 orc priests
  6 orc wizards
  2 adders
  4 gnolls
  A shadow imp (D:7)
  A dart slug (D:3)
  16 orcs
  A bat (D:3)
  4 endoplasms
  2 giant cockroaches
  2 hobgoblins (D:3)
  2 jackals
  2 quokkas (D:4)
  A frilled lizard (D:3)
  A goblin (D:3)
  3 kobolds
  A rat (D:3)
  2 ball lightnings (Pan)
  A block of ice (Pan)
  6 fire vortices
  98 fungi
  90 plants
  7 starspawn tentacles
  2 tentacles (Hell)
811 creatures vanquished.

Grand Total: 4553 creatures vanquished

Notes
Turn   | Place    | Note
-------+----------+-------------------------------------------
     0 | D:1      | Wizard1ke the Formicid Artificer began the quest for the
                  | Orb.
     0 | D:1      | Reached XP level 1. HP: 15/15 MP: 1/1
    98 | D:1      | Reached XP level 2. HP: 22/22 MP: 2/2
   106 | D:1      | Got Sif Muna's Parchment of the Numb Fault
   371 | D:1      | Reached XP level 3. HP: 23/29 MP: 3/3
   640 | D:1      | Found a faded altar of an unknown god.
   651 | D:1      | Prayed at the altar of an unknown god.
   651 | D:1      | Became a worshipper of Jiyva Jalarpho the Shapeless
   651 | D:1      | Reached * piety under Jiyva
   710 | D:2      | Identified the +2 sling "Dumemali" {freeze, rPois rC+
                  | Int-2}
   753 | D:2      | Found an iron altar of Okawaru.
   796 | D:2      | Reached XP level 4. HP: 37/37 MP: 4/4
   893 | D:2      | Reached ** piety under Jiyva
  1505 | D:3      | Reached XP level 5. HP: 43/43 MP: 5/5
  1517 | D:3      | Reached skill level 5 in Fighting
  1526 | D:3      | Reached *** piety under Jiyva
  1589 | D:3      | Found a white marble altar of Elyvilon.
  1591 | D:3      | Found an opulent altar of Gozag.
  1707 | D:3      | Gained mutation: Your melee attacks may engulf your foes in
                  | ooze. [Jiyva's grace]
  1707 | D:3      | Gained mutation: You are robust. (+10% HP) [Jiyva's grace]
  1707 | D:3      | Gained mutation: You are very robust. (+20% HP) [Jiyva's
                  | grace]
  1707 | D:3      | Gained mutation: You are extremely robust. (+30% HP)
                  | [Jiyva's grace]
  2034 | D:4      | Reached XP level 6. HP: 66/66 MP: 6/6
  2241 | D:4      | Reached **** piety under Jiyva
  2511 | D:5      | Entered Level 5 of the Dungeon
  2511 | D:5      | Noticed a black bear
  2555 | D:5      | Noticed an ice beast
  2656 | D:5      | Reached skill level 5 in Evocations
  2656 | D:5      | Reached XP level 7. HP: 75/75 MP: 7/7
  2948 | D:5      | Found a blossoming altar of Fedhas.
  2948 | D:5      | Found a snail-covered altar of Cheibriados.
  2948 | D:5      | Found a glowing silver altar of Zin.
  2973 | D:5      | Reached XP level 8. HP: 84/86 MP: 8/8
  3141 | D:5      | Found a hazy altar of Hepliaklqana.
  3196 | D:5      | Found a sparkling altar of Nemelex Xobeh.
  3260 | D:6      | Found a broken altar of Ashenzari.
  3261 | D:6      | Noticed Edmund
  3277 | D:5      | Reached skill level 10 in Fighting
  3298 | D:6      | Killed Edmund
  3446 | D:6      | Reached XP level 9. HP: 87/105 MP: 9/9
  3468 | D:6      | Found a hide-covered altar of Uskayaw.
  3469 | D:6      | Noticed Eustachio
  3492 | D:6      | Killed Eustachio
  3726 | D:6      | Found a stormy altar of Qazlal.
  3896 | D:7      | Lost mutation: You are extremely robust. (+30% HP) [Jiyva's
                  | grace]
  3896 | D:7      | Gained mutation: You are partially covered in large bone
                  | plates. (SH +4) [Jiyva's grace]
  3896 | D:7      | Gained mutation: You are mostly covered in large bone
                  | plates. (SH +6) [Jiyva's grace]
  3896 | D:7      | Gained mutation: You are completely covered in large bone
                  | plates. (SH +8) [Jiyva's grace]
  3896 | D:7      | Gained mutation: You have acidic saliva. [Jiyva's grace]
  3905 | D:7      | Found a large runed translucent door.
  3905 | D:7      | Found a large runed translucent door.
  3914 | D:7      | Noticed a manticore
  3914 | D:7      | Noticed an unseen horror
  3968 | D:7      | Found a large runed translucent door.
  3968 | D:7      | Found a large runed translucent door.
  3999 | D:7      | Reached skill level 5 in Armour
  4003 | D:7      | Reached XP level 10. HP: 100/101 MP: 10/10
  4027 | D:7      | Reached ***** piety under Jiyva
  4036 | D:7      | Identified the staff of conjuration "Rawy" {rPois Int+2
                  | Dex+5}
  4100 | D:7      | Reached skill level 1 in Maces & Flails
  4434 | D:7      | Found a staircase to the Ecumenical Temple.
  4443 | Temple   | Entered the Ecumenical Temple
  4613 | D:7      | Noticed a cyclops
  4626 | D:7      | Killed a cyclops
  4819 | D:7      | Reached skill level 5 in Maces & Flails
  4847 | D:7      | Killed a manticore
  4865 | D:7      | Killed an unseen horror
  4916 | D:7      | Identified the +7 chain mail of Untruth {Harm rElec Str-4
                  | Int+4}
  4986 | D:8      | Noticed Grum
  5106 | D:8      | Identified the +0 trident "Eviscerator" {protect, rC+ Str+2
                  | Dex-4}
  5191 | D:8      | Slimified Grum
  5191 | D:8      | Grum changed into Grum the jelly
  5191 | D:8      | Noticed Grum
  5192 | D:8      | Killed Grum the jelly
  5314 | D:8      | Reached XP level 11. HP: 102/114 MP: 11/11
  5510 | D:8      | Found a staircase to the Lair.
  5519 | D:8      | Noticed Prince Ribbit
  5529 | D:8      | Killed Prince Ribbit
  5680 | D:8      | Found a hazy altar of Hepliaklqana.
  5915 | D:9      | Lost mutation: You have acidic saliva. [Jiyva's grace]
  5915 | D:9      | Gained mutation: You are agile. (Dex +4, Str/Int -1)
                  | [Jiyva's grace]
  5915 | D:9      | Gained mutation: You are very agile. (Dex +8, Str/Int -2)
                  | [Jiyva's grace]
  5915 | D:9      | Gained mutation: Your muscles are strong. (Str +4, Int/Dex
                  | -1) [Jiyva's grace]
  5915 | D:9      | Gained mutation: Your muscles are very strong. (Str +8,
                  | Int/Dex -2) [Jiyva's grace]
  6071 | D:9      | Found Pien Ybu's Weapon Emporium.
  6159 | D:9      | Found a shimmering altar of Xom.
  6164 | D:9      | Found an iron altar of Okawaru.
  6281 | D:9      | Reached skill level 10 in Maces & Flails
  6364 | D:9      | Noticed a cyclops
  6380 | D:9      | Killed a cyclops
  6566 | D:10     | Entered Level 10 of the Dungeon
  6596 | D:10     | Reached ****** piety under Jiyva
  6632 | D:10     | Noticed a two-headed ogre
  6671 | D:10     | Killed a two-headed ogre
  6744 | D:10     | Found a radiant altar of Vehumet.
  6820 | D:10     | Reached XP level 12. HP: 122/122 MP: 12/12
  7172 | D:10     | Noticed a two-headed ogre
  7186 | D:10     | Killed a two-headed ogre
  7280 | D:10     | Found a shimmering blue altar of Sif Muna.
  7280 | D:10     | Found a sacrificial altar of Ru.
  7447 | D:11     | Noticed Josephine
  7447 | D:11     | Lost mutation: You are very robust. (+20% HP) [Jiyva's
                  | grace]
  7447 | D:11     | Gained mutation: Your mind is acute. (Int +4, Str/Dex -1)
                  | [Jiyva's grace]
  7447 | D:11     | Gained mutation: Your mind is very acute. (Int +8, Str/Dex
                  | -2) [Jiyva's grace]
  7447 | D:11     | Gained mutation: Your flesh is cold resistant. (rC+)
                  | [Jiyva's grace]
  7447 | D:11     | Gained mutation: Your flesh is very cold resistant. (rC++)
                  | [Jiyva's grace]
  7457 | D:10     | Killed Josephine
  7715 | D:11     | Noticed Erica
  7725 | D:11     | Killed Erica
  8080 | Lair:1   | Entered Level 1 of the Lair of Beasts
  8283 | Lair:1   | Found the +8 whip "Snakebite" {venom, curare, rPois}
  8373 | Lair:1   | Lost mutation: You are completely covered in large bone
                  | plates. (SH +8) [Jiyva's grace]
  8373 | Lair:1   | Lost mutation: You are mostly covered in large bone plates.
                  | (SH +6) [Jiyva's grace]
  8373 | Lair:1   | Lost mutation: Your mind is very acute. (Int +8, Str/Dex
                  | -2) [Jiyva's grace]
  8373 | Lair:1   | Gained mutation: Your rubbery body absorbs attacks. (AC +1,
                  | EV +1) [Jiyva's grace]
  8373 | Lair:1   | Gained mutation: Your pliable body absorbs attacks. (AC +2,
                  | EV +2) [Jiyva's grace]
  8373 | Lair:1   | Gained mutation: Your gelatinous body deflects attacks. (AC
                  | +3, EV +3) [Jiyva's grace]
  8373 | Lair:1   | Gained mutation: Your flesh is heat resistant. (rF+)
                  | [Jiyva's grace]
  8416 | Lair:1   | Reached skill level 15 in Maces & Flails
  8564 | Lair:1   | Reached XP level 13. HP: 118/118 MP: 13/13
  9142 | Lair:2   | Noticed an eight-headed hydra
  9149 | Lair:2   | Killed an eight-headed hydra
  9277 | Lair:2   | Found a hole to the Spider Nest.
  9453 | Lair:2   | Found a staircase to the Swamp.
  9666 | Lair:2   | Identified the +1 pair of boots of Foolhardiness {rN+ Int-4
                  | Dex+3 SInv}
  9995 | Lair:3   | Noticed a four-headed hydra
 10007 | Lair:3   | Killed a four-headed hydra
 10111 | Lair:3   | Reached skill level 15 in Fighting
 10219 | Lair:3   | Found a shadowy altar of Dithmenos.
 10221 | Lair:3   | Lost mutation: Your gelatinous body deflects attacks. (AC
                  | +3, EV +3) [Jiyva's grace]
 10221 | Lair:3   | Gained mutation: You have a small jelly attached to you
                  | that senses nearby items. [Jiyva's grace]
 10221 | Lair:3   | Gained mutation: You are covered in slimy tendrils that may
                  | disarm your opponents. [Jiyva's grace]
 10221 | Lair:3   | Gained mutation: Your flesh is very heat resistant. (rF++)
                  | [Jiyva's grace]
 10221 | Lair:3   | Gained mutation: Your flesh is almost immune to the effects
                  | of heat. (rF+++) [Jiyva's grace]
 10224 | Lair:3   | You fall into a shaft and drop 2 floors!
 10224 | Lair:5   | Entered Level 5 of the Lair of Beasts
 10224 | Lair:5   | Noticed Rupert
 10235 | Lair:5   | Slimified Rupert
 10235 | Lair:5   | Rupert changed into Rupert the azure jelly
 10235 | Lair:5   | Noticed Rupert
 10327 | Lair:4   | Reached XP level 14. HP: 125/135 MP: 14/14
 10442 | Lair:4   | Found a staircase to the Slime Pits.
 10468 | Slime:1  | Entered Level 1 of the Pits of Slime
 10476 | Slime:2  | Noticed a quicksilver ooze
 10484 | Slime:3  | Noticed an acid blob
 10488 | Slime:4  | Noticed a rockslime
 10528 | Slime:4  | Noticed an acid blob
 10552 | Slime:4  | Noticed an acid blob
 10562 | Slime:4  | Noticed an acid blob
 10580 | Slime:4  | Noticed an azure jelly
 10591 | Slime:4  | Noticed an acid blob
 10595 | Slime:4  | Noticed an azure jelly
 10605 | Slime:4  | Noticed an acid blob
 10726 | Slime:5  | Entered Level 5 of the Pits of Slime
 10726 | Slime:5  | Noticed a quicksilver ooze
 10730 | Slime:5  | Noticed an acid blob
 10735 | Slime:5  | Noticed a quicksilver ooze
 10737 | Slime:5  | Noticed an acid blob
 10744 | Slime:5  | Noticed an acid blob
 10744 | Slime:5  | Noticed an acid blob
 10744 | Slime:5  | Noticed an azure jelly
 10745 | Slime:5  | Found a viscous altar of Jiyva.
 10746 | Slime:5  | Noticed an acid blob
 10746 | Slime:5  | Noticed an acid blob
 10747 | Slime:5  | Noticed the Royal Jelly
 10748 | Slime:5  | Noticed a rockslime
 10751 | Slime:5  | Noticed an acid blob
 10752 | Slime:5  | Found the ring of the Hare {EV+10}
 10757 | Slime:5  | Noticed an azure jelly
 10760 | Slime:5  | Identified the +0 short sword of Bodghe {heavy, Int+2
                  | Dex+2}
 10781 | Slime:5  | Got a slimy rune of Zot
 10782 | Slime:5  | Identified the +0 trident of Exquisite Torment {speed, rF++
                  | rCorr}
 10783 | Slime:5  | Identified the staff of air "Maolusa" {rElec rF- Will+
                  | Str+6 Int+2}
 10794 | Slime:5  | Got the Compendium of the Niveous Wind
 11560 | Lair:3   | Reached skill level 1 in Shields
 12238 | Lair:4   | Lost mutation: You are very agile. (Dex +8, Str/Int -2)
                  | [Jiyva's grace]
 12238 | Lair:4   | Lost mutation: Your flesh is very cold resistant. (rC++)
                  | [Jiyva's grace]
 12238 | Lair:4   | Lost mutation: Your flesh is almost immune to the effects
                  | of heat. (rF+++) [Jiyva's grace]
 12238 | Lair:4   | Lost mutation: Your pliable body absorbs attacks. (AC +2,
                  | EV +2) [Jiyva's grace]
 12238 | Lair:4   | Gained mutation: Your pliable body absorbs attacks. (AC +2,
                  | EV +2) [Jiyva's grace]
 12238 | Lair:4   | Gained mutation: Your gelatinous body deflects attacks. (AC
                  | +3, EV +3) [Jiyva's grace]
 12238 | Lair:4   | Gained mutation: You have hidden genetic potential.
                  | [Jiyva's grace]
 12238 | Lair:4   | Gained mutation: You have great hidden genetic potential.
                  | [Jiyva's grace]
 12590 | Lair:5   | Identified the +1 helmet of Happy Babbling {Harm Fly rPois
                  | rC-}
 12669 | Lair:5   | Reached skill level 10 in Armour
 12669 | Lair:5   | Reached skill level 5 in Shields
 12766 | Lair:5   | Noticed a dire elephant
 12781 | Lair:5   | Killed a dire elephant
 12932 | Lair:5   | Reached XP level 15. HP: 137/145 MP: 15/15
 13074 | Lair:5   | Found a burning altar of Makhleb.
 13080 | Lair:5   | Found a gateway to Hell.
 13970 | D:12     | Found a staircase to the Orcish Mines.
 14044 | D:12     | Lost mutation: Your flesh is cold resistant. (rC+) [Jiyva's
                  | grace]
 14044 | D:12     | Lost mutation: Your muscles are very strong. (Str +8,
                  | Int/Dex -2) [Jiyva's grace]
 14044 | D:12     | Lost mutation: Your gelatinous body deflects attacks. (AC
                  | +3, EV +3) [Jiyva's grace]
 14044 | D:12     | Lost mutation: Your pliable body absorbs attacks. (AC +2,
                  | EV +2) [Jiyva's grace]
 14044 | D:12     | Gained mutation: You have a small jelly attached to you
                  | that may absorb projectiles. [Jiyva's grace]
 14044 | D:12     | Gained mutation: Your system is resistant to poisons.
                  | (rPois) [Jiyva's grace]
 14044 | D:12     | Gained mutation: You are very agile. (Dex +8, Str/Int -2)
                  | [Jiyva's grace]
 14044 | D:12     | Gained mutation: Your flesh is cold resistant. (rC+)
                  | [Jiyva's grace]
 14089 | Orc:1    | Entered Level 1 of the Orcish Mines
 14178 | Orc:1    | Found a frozen archway.
 14215 | IceCv    | Entered an ice cave
 14254 | IceCv    | Gained mutation: Your muscles are very strong. (Str +8,
                  | Int/Dex -2) [hidden potential]
 14420 | IceCv    | Noticed a frost giant
 14474 | IceCv    | Killed a frost giant
 15077 | Orc:2    | Entered Level 2 of the Orcish Mines
 15077 | Orc:2    | Found Mysu's Jewellery Boutique.
 15184 | Orc:2    | Found a staircase to the Elven Halls.
 15647 | Orc:2    | Noticed Maurice
 15705 | Orc:2    | Killed Maurice
 15801 | Orc:2    | Noticed an orc warlord
 15845 | Orc:2    | Killed an orc warlord
 15846 | Orc:2    | Reached XP level 16. HP: 140/152 MP: 16/16
 15938 | Orc:2    | Found Gihoahenat's Antique Armour Shop.
 15939 | Orc:2    | Found Hymm's Antique Weapon Boutique.
 15940 | Orc:2    | Found Iciap's General Store.
 15940 | Orc:2    | Found Igga's Book Shop.
 15958 | Orc:2    | Bought a scroll of poison for 40 gold pieces
 15958 | Orc:2    | Bought a potion of lignification for 30 gold pieces
 15969 | Orc:2    | Bought a pair of steaming boots for 294 gold pieces
 15969 | Orc:2    | Identified the +0 pair of boots of Vaar {Str+6 Slay+2} (You
                  | bought it in a shop on level 2 of the Orcish Mines)
 15990 | Orc:2    | Bought a runed cloak for 232 gold pieces
 16198 | Orc:1    | Lost mutation: Your mind is acute. (Int +4, Str/Dex -1)
                  | [Jiyva's grace]
 16198 | Orc:1    | Lost mutation: Your flesh is cold resistant. (rC+) [Jiyva's
                  | grace]
 16198 | Orc:1    | Lost mutation: Your flesh is very heat resistant. (rF++)
                  | [Jiyva's grace]
 16198 | Orc:1    | Lost mutation: Your system is resistant to poisons. (rPois)
                  | [Jiyva's grace]
 16198 | Orc:1    | Lost mutation: Your muscles are very strong. (Str +8,
                  | Int/Dex -2) [Jiyva's grace]
 16198 | Orc:1    | Lost mutation: Your rubbery body absorbs attacks. (AC +1,
                  | EV +1) [Jiyva's grace]
 16198 | Orc:1    | Lost mutation: You have great hidden genetic potential.
                  | [Jiyva's grace]
 16198 | Orc:1    | Lost mutation: You are covered in slimy tendrils that may
                  | disarm your opponents. [Jiyva's grace]
 16198 | Orc:1    | Gained mutation: You have acidic saliva. [Jiyva's grace]
 16198 | Orc:1    | Gained mutation: Your rubbery body absorbs attacks. (AC +1,
                  | EV +1) [Jiyva's grace]
 16198 | Orc:1    | Gained mutation: Your pliable body absorbs attacks. (AC +2,
                  | EV +2) [Jiyva's grace]
 16198 | Orc:1    | Gained mutation: Your gelatinous body deflects attacks. (AC
                  | +3, EV +3) [Jiyva's grace]
 16246 | Orc:1    | Noticed Nergalle
 16253 | Orc:1    | Killed Nergalle
 16429 | D:12     | Found Saomel's Overcharged Wands.
 17155 | D:13     | Gained mutation: You are strong-willed. (Will+) [hidden
                  | potential]
 17155 | D:13     | Lost mutation: You have hidden genetic potential. [hidden
                  | potential expressed]
 17178 | D:13     | Got Witse's Meditations on Configuration and the Morgue
 17506 | D:13     | Found Yhen's Antique Armour Shop.
 17511 | D:13     | Found a portal to a secret trove of treasure.
 17529 | D:13     | Bought a pair of twisted gloves for 209 gold pieces
 17529 | D:13     | Identified the +0 pair of gloves of Inevitability {Harm
                  | Regen+ Int-3 SInv} (You bought it in a shop on level 13 of
                  | the Dungeon)
 17737 | D:14     | Found an iron altar of Okawaru.
 17738 | D:14     | Identified a scroll of acquirement
 17739 | D:14     | Acquired a manual of Fighting
 17776 | D:14     | Lost mutation: Your gelatinous body deflects attacks. (AC
                  | +3, EV +3) [Jiyva's grace]
 17776 | D:14     | Gained mutation: You have sharp toenails. [Jiyva's grace]
 17776 | D:14     | Gained mutation: You have razor-sharp toenails. [Jiyva's
                  | grace]
 17776 | D:14     | Gained mutation: You have claws for feet. [Jiyva's grace]
 17776 | D:14     | Gained mutation: Your skin changes colour to match your
                  | surroundings (Stealth+). [Jiyva's grace]
 17911 | D:14     | Identified the +4 ring mail "Teasenis" {rF+ Regen+ Str+2}
 18628 | D:14     | Found a gate to the Vaults.
 18739 | D:15     | Entered Level 15 of the Dungeon
 18840 | D:15     | Found Xomoch's Distillery.
 18853 | D:15     | Bought a potion of flight for 33 gold pieces
 19092 | D:15     | Lost mutation: You have claws for feet. [Jiyva's grace]
 19092 | D:15     | Lost mutation: You have razor-sharp toenails. [Jiyva's
                  | grace]
 19092 | D:15     | Lost mutation: You are very agile. (Dex +8, Str/Int -2)
                  | [Jiyva's grace]
 19092 | D:15     | Lost mutation: You are strong-willed. (Will+) [Jiyva's
                  | grace]
 19092 | D:15     | Lost mutation: Your pliable body absorbs attacks. (AC +2,
                  | EV +2) [Jiyva's grace]
 19092 | D:15     | Gained mutation: Your natural rate of healing is unusually
                  | fast. [Jiyva's grace]
 19092 | D:15     | Gained mutation: You heal very quickly. [Jiyva's grace]
 19092 | D:15     | Gained mutation: You regenerate. [Jiyva's grace]
 19092 | D:15     | Gained mutation: Your spells are a little harder to cast,
                  | but a little more powerful. [Jiyva's grace]
 19418 | D:15     | Found a staircase to the Depths.
 19432 | D:15     | Reached XP level 17. HP: 163/163 MP: 17/17
 19592 | D:15     | Identified the +11 great sword of Hubris {heavy, Str+2}
 19896 | Swamp:1  | Entered Level 1 of the Swamp
 19943 | Swamp:1  | Reached skill level 10 in Shields
 19968 | Swamp:1  | Identified the +0 leather armour of Okawaru's Envy {Rampage
                  | +Blink}
 20596 | Swamp:2  | Lost mutation: You regenerate. [Jiyva's grace]
 20596 | Swamp:2  | Lost mutation: Your muscles are strong. (Str +4, Int/Dex
                  | -1) [Jiyva's grace]
 20596 | Swamp:2  | Lost mutation: Your rubbery body absorbs attacks. (AC +1,
                  | EV +1) [Jiyva's grace]
 20596 | Swamp:2  | Gained mutation: Your spells are harder to cast, but more
                  | powerful. [Jiyva's grace]
 20596 | Swamp:2  | Gained mutation: Your spells are much harder to cast, but
                  | much more powerful. [Jiyva's grace]
 20596 | Swamp:2  | Gained mutation: You have hidden genetic potential.
                  | [Jiyva's grace]
 20596 | Swamp:2  | Gained mutation: You have great hidden genetic potential.
                  | [Jiyva's grace]
 21294 | Swamp:4  | Entered Level 4 of the Swamp
 21371 | Swamp:4  | Identified the +2 buckler "Ylinos" {rElec rN+}
 21429 | Swamp:4  | Reached XP level 18. HP: 116/183 MP: 18/18
 21618 | Swamp:4  | Gained mutation: Your system is resistant to poisons.
                  | (rPois) [hidden potential]
 21633 | Swamp:4  | Noticed the 27-headed Lernaean hydra
 21636 | Swamp:4  | Killed the 27-headed Lernaean hydra
 21642 | Swamp:4  | Got a decaying rune of Zot
 21647 | Swamp:4  | Identified the +3 pair of boots of Xaxim {rC+ rN+ Str+2
                  | Int+3}
 22187 | Spider:1 | Entered Level 1 of the Spider Nest
 22207 | Spider:1 | Noticed Aizul
 22305 | Lair:2   | Killed Aizul
 22419 | Spider:1 | Acquired a manual of Evocations
 22502 | Spider:1 | You fall into a shaft and drop 1 floor!
 22502 | Spider:2 | Lost mutation: Your skin changes colour to match your
                  | surroundings (Stealth+). [Jiyva's grace]
 22502 | Spider:2 | Lost mutation: You heal very quickly. [Jiyva's grace]
 22502 | Spider:2 | Lost mutation: Your spells are much harder to cast, but
                  | much more powerful. [Jiyva's grace]
 22502 | Spider:2 | Lost mutation: You have acidic saliva. [Jiyva's grace]
 22502 | Spider:2 | Lost mutation: You have a small jelly attached to you that
                  | senses nearby items. [Jiyva's grace]
 22502 | Spider:2 | Lost mutation: You have a small jelly attached to you that
                  | may absorb projectiles. [Jiyva's grace]
 22502 | Spider:2 | Gained mutation: Your rubbery body absorbs attacks. (AC +1,
                  | EV +1) [Jiyva's grace]
 22502 | Spider:2 | Gained mutation: Your pliable body absorbs attacks. (AC +2,
                  | EV +2) [Jiyva's grace]
 22502 | Spider:2 | Gained mutation: Your gelatinous body deflects attacks. (AC
                  | +3, EV +3) [Jiyva's grace]
 22502 | Spider:2 | Gained mutation: Your flesh is very heat resistant. (rF++)
                  | [Jiyva's grace]
 22772 | Spider:2 | Reached skill level 10 in Evocations
 22781 | Spider:2 | Acquired the amulet "Idozxis" {Acrobat Contam Drain rC+++
                  | Will+++}
 22921 | Spider:2 | Noticed Roxanne
 23066 | Spider:2 | Killed Roxanne
 23550 | Spider:3 | Reached XP level 19. HP: 191/191 MP: 19/19
 24157 | Spider:4 | Entered Level 4 of the Spider Nest
 24233 | Spider:4 | Noticed Arachne
 24235 | Spider:4 | Lost mutation: You are partially covered in large bone
                  | plates. (SH +4) [Jiyva's grace]
 24235 | Spider:4 | Lost mutation: You are robust. (+10% HP) [Jiyva's grace]
 24235 | Spider:4 | Lost mutation: You have great hidden genetic potential.
                  | [Jiyva's grace]
 24235 | Spider:4 | Lost mutation: Your melee attacks may engulf your foes in
                  | ooze. [Jiyva's grace]
 24235 | Spider:4 | Gained mutation: You have acidic saliva. [Jiyva's grace]
 24235 | Spider:4 | Gained mutation: Your flesh is cold resistant. (rC+)
                  | [Jiyva's grace]
 24235 | Spider:4 | Gained mutation: Your flesh is very cold resistant. (rC++)
                  | [Jiyva's grace]
 24235 | Spider:4 | Gained mutation: Your flesh is almost immune to the effects
                  | of cold. (rC+++) [Jiyva's grace]
 24263 | Spider:4 | Killed Arachne
 24264 | Spider:4 | Reached skill level 15 in Shields
 24317 | Spider:4 | Gained mutation: You are partially covered in iridescent
                  | scales. (AC +2) [hidden potential]
 24317 | Spider:4 | Lost mutation: You have hidden genetic potential. [hidden
                  | potential expressed]
 24726 | Spider:4 | Got a gossamer rune of Zot
 25360 | Vaults:1 | Entered Level 1 of the Vaults
 25818 | Vaults:1 | Reached skill level 15 in Armour
 26440 | Vaults:2 | Identified the +2 plate armour "Peihyur" {Dex+3}
 26458 | Vaults:2 | Lost mutation: You are partially covered in iridescent
                  | scales. (AC +2) [Jiyva's grace]
 26458 | Vaults:2 | Lost mutation: Your flesh is almost immune to the effects
                  | of cold. (rC+++) [Jiyva's grace]
 26458 | Vaults:2 | Lost mutation: Your system is resistant to poisons. (rPois)
                  | [Jiyva's grace]
 26458 | Vaults:2 | Lost mutation: Your natural rate of healing is unusually
                  | fast. [Jiyva's grace]
 26458 | Vaults:2 | Lost mutation: Your gelatinous body deflects attacks. (AC
                  | +3, EV +3) [Jiyva's grace]
 26458 | Vaults:2 | Lost mutation: Your pliable body absorbs attacks. (AC +2,
                  | EV +2) [Jiyva's grace]
 26458 | Vaults:2 | Gained mutation: Your pliable body absorbs attacks. (AC +2,
                  | EV +2) [Jiyva's grace]
 26458 | Vaults:2 | Gained mutation: Your gelatinous body deflects attacks. (AC
                  | +3, EV +3) [Jiyva's grace]
 26458 | Vaults:2 | Gained mutation: You are partially covered in iridescent
                  | scales. (AC +2) [Jiyva's grace]
 26458 | Vaults:2 | Gained mutation: You are mostly covered in iridescent
                  | scales. (AC +4) [Jiyva's grace]
 26559 | Vaults:2 | Reached XP level 20. HP: 180/184 MP: 20/20
 27361 | Vaults:3 | Found a staircase to the Crypt.
 27573 | Vaults:3 | Lost mutation: You are mostly covered in iridescent scales.
                  | (AC +4) [Jiyva's grace]
 27573 | Vaults:3 | Lost mutation: Your flesh is very cold resistant. (rC++)
                  | [Jiyva's grace]
 27573 | Vaults:3 | Lost mutation: Your flesh is very heat resistant. (rF++)
                  | [Jiyva's grace]
 27573 | Vaults:3 | Lost mutation: You have acidic saliva. [Jiyva's grace]
 27573 | Vaults:3 | Lost mutation: Your gelatinous body deflects attacks. (AC
                  | +3, EV +3) [Jiyva's grace]
 27573 | Vaults:3 | Lost mutation: Your pliable body absorbs attacks. (AC +2,
                  | EV +2) [Jiyva's grace]
 27573 | Vaults:3 | Gained mutation: You have a small jelly attached to you
                  | that senses nearby items. [Jiyva's grace]
 27573 | Vaults:3 | Gained mutation: Your melee attacks may engulf your foes in
                  | ooze. [Jiyva's grace]
 27573 | Vaults:3 | Lost mutation: You have sharp toenails. [Jiyva's grace]
 27573 | Vaults:3 | Gained mutation: You have large cloven feet. [Jiyva's
                  | grace]
 27573 | Vaults:3 | Gained mutation: You have hoof-like feet. [Jiyva's grace]
 28737 | Vaults:4 | Reached XP level 21. HP: 195/195 MP: 21/21
 28872 | Vaults:4 | Found Sothraxum's Antique Weapon Emporium.
 29491 | Elf:1    | Entered Level 1 of the Elven Halls
 29692 | Elf:1    | Lost mutation: Your spells are harder to cast, but more
                  | powerful. [Jiyva's grace]
 29692 | Elf:1    | Gained mutation: Your spells are harder to cast, but more
                  | powerful. [Jiyva's grace]
 29692 | Elf:1    | Gained mutation: Your spells are much harder to cast, but
                  | much more powerful. [Jiyva's grace]
 29692 | Elf:1    | Gained mutation: Your muscles are strong. (Str +4, Int/Dex
                  | -1) [Jiyva's grace]
 29692 | Elf:1    | Gained mutation: Your muscles are very strong. (Str +8,
                  | Int/Dex -2) [Jiyva's grace]
 29796 | Elf:1    | Found a runed translucent gate.
 29796 | Elf:1    | Found a runed translucent gate.
 29796 | Elf:1    | Found a runed translucent gate.
 29796 | Elf:1    | Found a runed translucent gate.
 29796 | Elf:1    | Found a runed translucent gate.
 29796 | Elf:1    | Found the +3 hat of Pondering {ponderous, Will+ MP+10
                  | Int+5}
 29797 | Elf:1    | Found a runed translucent gate.
 30120 | Elf:1    | Found a runed translucent gate.
 30121 | Elf:1    | Found a runed translucent gate.
 30122 | Elf:1    | Found a runed translucent gate.
 30123 | Elf:1    | Noticed Agrajag's ghost (adept TrFi)
 30746 | Elf:2    | Found a huge runed translucent gate.
 30746 | Elf:2    | Found a huge runed translucent gate.
 30747 | Elf:2    | Found a huge runed translucent gate.
 30748 | Elf:2    | Found a huge runed translucent gate.
 30751 | Elf:2    | Found a huge runed translucent gate.
 31117 | Elf:2    | Reached XP level 22. HP: 117/197 MP: 22/22
 31338 | Elf:3    | Entered Level 3 of the Elven Halls
 31803 | Elf:3    | Found Diudgh's General Store.
 31807 | Elf:3    | Lost mutation: You are partially covered in iridescent
                  | scales. (AC +2) [Jiyva's grace]
 31807 | Elf:3    | Lost mutation: Your melee attacks may engulf your foes in
                  | ooze. [Jiyva's grace]
 31807 | Elf:3    | Gained mutation: A frigid envelope surrounds you and
                  | freezes all who hurt you. [Jiyva's grace]
 31807 | Elf:3    | Gained mutation: You are partially covered in iridescent
                  | scales. (AC +2) [Jiyva's grace]
 31807 | Elf:3    | Gained mutation: You are mostly covered in iridescent
                  | scales. (AC +4) [Jiyva's grace]
 31807 | Elf:3    | Gained mutation: You are completely covered in iridescent
                  | scales. (AC +6) [Jiyva's grace]
 31959 | Elf:3    | Found Apoin's Jewellery Shoppe.
 31960 | Elf:3    | Found Lileaq's Book Boutique.
 31962 | Elf:3    | Found Jimasom's Jewellery Shoppe.
 32267 | Elf:3    | Identified the +5 chain mail of Enuigele {Str+2 Int+2}
 32321 | Elf:3    | Identified the +5 great mace "Killer Bee's Foe" {heavy,
                  | rC++}
 32655 | Elf:3    | Got Viafecw's Exposition on the Undead
 32675 | Elf:3    | Identified the ring of Nyrchiomi {rN++ MP+9 Int+6 Stlth+}
 32773 | Elf:3    | Got Qeaqiole's Advanced Steps in the Deep Truths
 32775 | Elf:3    | Identified the +1 dagger of Vapper {protect, rElec rF+
                  | rCorr}
 32781 | Elf:3    | Identified the +0 ring mail "Plog" {Fly rPois Dex+3 Stlth+}
 32798 | Elf:3    | Identified the +1 double sword "Puimot" {freeze, rElec rF+}
 32819 | Elf:3    | Identified the +10 gold dragon scales of the Healing Gods
                  | {rElec rPois rF+ rC+ Will+ Int+2}
 32842 | Elf:3    | Identified the +5 quarterstaff of Jauzeg {antimagic, Will+}
 32843 | Elf:3    | Identified the staff of fire "Xoidis" {Drain rPois rF+ rN+
                  | Dex+4}
 32845 | Elf:3    | Identified the +7 plate armour of Articulation {*Slow
                  | rF+++}
 32852 | Elf:3    | Identified the staff of earth "Wiren" {Str+4 Int-4 Dex+6}
 32860 | Elf:3    | Identified the +1 short sword of Ru's Envy {flame, Fly
                  | Int+3}
 32999 | Elf:3    | Bought the ring "Payseo" {Fly rF+ Will+ Int+5} for 904 gold
                  | pieces
 33273 | Depths:1 | Entered Level 1 of the Depths
 33357 | Depths:1 | Found a runed translucent door.
 33547 | Depths:1 | Noticed Sojobo
 33582 | Depths:1 | Killed Sojobo
 33672 | Depths:1 | Reached XP level 23. HP: 192/196 MP: 23/23
 33727 | Depths:1 | Found a one-way gate leading to the halls of Pandemonium.
 34869 | Depths:2 | Noticed a golden dragon
 34906 | Depths:2 | Killed a golden dragon
 35253 | Depths:3 | Reached skill level 1 in Translocations
 35253 | Depths:3 | Reached XP level 24. HP: 203/220 MP: 23/23
 35374 | Depths:3 | Reached skill level 5 in Translocations
 35466 | Depths:3 | Lost mutation: Your muscles are very strong. (Str +8,
                  | Int/Dex -2) [Jiyva's grace]
 35466 | Depths:3 | Lost mutation: Your muscles are strong. (Str +4, Int/Dex
                  | -1) [Jiyva's grace]
 35466 | Depths:3 | Lost mutation: Your spells are much harder to cast, but
                  | much more powerful. [Jiyva's grace]
 35466 | Depths:3 | Lost mutation: You have a small jelly attached to you that
                  | senses nearby items. [Jiyva's grace]
 35466 | Depths:3 | Gained mutation: You expend magic power (3 MP) to
                  | strengthen your wands. [Jiyva's grace]
 35466 | Depths:3 | Gained mutation: Your pliable body absorbs attacks. (AC +2,
                  | EV +2) [Jiyva's grace]
 35466 | Depths:3 | Gained mutation: Your gelatinous body deflects attacks. (AC
                  | +3, EV +3) [Jiyva's grace]
 35466 | Depths:3 | Gained mutation: Your flesh is very heat resistant. (rF++)
                  | [Jiyva's grace]
 35628 | Depths:3 | Found Ysecs's General Store.
 35660 | Depths:3 | Found a one-way gate to the infinite horrors of the Abyss.
 36191 | Depths:3 | Noticed a golden dragon
 36202 | Depths:3 | Killed a golden dragon
 36632 | Hell     | Entered the Vestibule of Hell
 36632 | Hell     | Noticed Geryon
 36649 | Depths:3 | Reached skill level 10 in Translocations
 36669 | Depths:4 | Entered Level 4 of the Depths
 36671 | Depths:4 | Found a one-way gateway to a ziggurat.
 36797 | Depths:3 | Bought a scroll of summoning for 190 gold pieces
 36853 | Depths:4 | Noticed a golden dragon
 36865 | Depths:4 | Killed a golden dragon
 36894 | Depths:4 | Found a glowing golden altar of the Shining One.
 36907 | Depths:4 | Reached XP level 25. HP: 227/227 MP: 23/23
 37198 | Depths:4 | Found a gate to the Realm of Zot.
 37295 | Depths:4 | Identified the +0 demon blade "Viteraat" {freeze, rCorr
                  | Int-2 Dex+4 Stlth+}
 37825 | Depths:4 | Learned a level 1 spell: Apportation
 37830 | Depths:4 | Learned a level 4 spell: Manifold Assault
 37835 | Depths:4 | Learned a level 4 spell: Passage of Golubria
 37838 | Depths:4 | Learned a level 2 spell: Lesser Beckoning
 37842 | Depths:4 | Learned a level 3 spell: Teleport Other
 37867 | Zot:1    | Entered Level 1 of the Realm of Zot
 38390 | Zot:1    | Reached skill level 15 in Translocations
 38630 | Zot:1    | Lost mutation: You are completely covered in iridescent
                  | scales. (AC +6) [Jiyva's grace]
 38630 | Zot:1    | Lost mutation: Your spells are harder to cast, but more
                  | powerful. [Jiyva's grace]
 38630 | Zot:1    | Lost mutation: Your spells are a little harder to cast, but
                  | a little more powerful. [Jiyva's grace]
 38630 | Zot:1    | Lost mutation: Your gelatinous body deflects attacks. (AC
                  | +3, EV +3) [Jiyva's grace]
 38630 | Zot:1    | Lost mutation: Your pliable body absorbs attacks. (AC +2,
                  | EV +2) [Jiyva's grace]
 38630 | Zot:1    | Lost mutation: You expend magic power (3 MP) to strengthen
                  | your wands. [Jiyva's grace]
 38630 | Zot:1    | Gained mutation: You are completely covered in iridescent
                  | scales. (AC +6) [Jiyva's grace]
 38630 | Zot:1    | Lost mutation: You have hoof-like feet. [Jiyva's grace]
 38630 | Zot:1    | Lost mutation: You have large cloven feet. [Jiyva's grace]
 38630 | Zot:1    | Gained mutation: You have sharp toenails. [Jiyva's grace]
 38630 | Zot:1    | Gained mutation: You have razor-sharp toenails. [Jiyva's
                  | grace]
 38630 | Zot:1    | Gained mutation: You have claws for feet. [Jiyva's grace]
 38819 | Zot:1    | Found a transporter.
 38819 | Zot:1    | Noticed Catad's ghost (legendary GnFE)
 38820 | Zot:1    | Noticed a caustic shrike
 38822 | Zot:1    | Noticed a shard shrike
 38823 | Zot:1    | Noticed a shard shrike
 38830 | Zot:1    | Found a transporter.
 38853 | Zot:1    | Noticed a shard shrike
 39373 | Zot:2    | Noticed an orb of fire
 39435 | Zot:1    | Killed an orb of fire
 39513 | Zot:2    | Reached XP level 26. HP: 219/220 MP: 23/23
 40010 | Zot:2    | Found the +4 dragonskin cloak
 40010 | Zot:2    | Noticed Tiamat
 40105 | Zot:2    | Killed Tiamat
 40675 | Zot:3    | Noticed a curse toe
 40676 | Zot:3    | Killed a curse toe
 40720 | Zot:3    | Noticed a Killer Klown
 40728 | Zot:3    | Killed a Killer Klown
 40970 | Zot:3    | Lost mutation: You have claws for feet. [Jiyva's grace]
 40970 | Zot:3    | Lost mutation: You are completely covered in iridescent
                  | scales. (AC +6) [Jiyva's grace]
 40970 | Zot:3    | Lost mutation: Your flesh is very heat resistant. (rF++)
                  | [Jiyva's grace]
 40970 | Zot:3    | Gained mutation: You have a small jelly attached to you
                  | that may absorb projectiles. [Jiyva's grace]
 40970 | Zot:3    | Gained mutation: You are completely covered in iridescent
                  | scales. (AC +6) [Jiyva's grace]
 40970 | Zot:3    | Gained mutation: Your body has grown eyes which may confuse
                  | attackers. (Acc +3) [Jiyva's grace]
 40970 | Zot:3    | Gained mutation: Your body has grown many eyes which may
                  | confuse attackers. (Acc +5) [Jiyva's grace]
 40991 | Zot:3    | Noticed a Killer Klown
 41023 | Zot:3    | Killed a Killer Klown
 41164 | Zot:3    | Noticed a Killer Klown
 41175 | Zot:3    | Killed a Killer Klown
 41506 | Zot:4    | Reached XP level 27. HP: 242/242 MP: 23/23
 42010 | Zot:4    | Identified the +0 scale mail of Dust Devil {Int+2}
 42051 | Zot:4    | Identified the +1 flail of the Desert {protect, rElec Will+
                  | Dex+5}
 42467 | Zot:5    | Entered Level 5 of the Realm of Zot
 42937 | Zot:5    | Noticed an ancient lich
 42944 | Zot:5    | Killed an ancient lich
 43559 | Crypt:1  | Entered Level 1 of the Crypt
 43659 | Crypt:1  | Lost mutation: You are completely covered in iridescent
                  | scales. (AC +6) [Jiyva's grace]
 43659 | Crypt:1  | Lost mutation: You are mostly covered in iridescent scales.
                  | (AC +4) [Jiyva's grace]
 43659 | Crypt:1  | Lost mutation: You are agile. (Dex +4, Str/Int -1) [Jiyva's
                  | grace]
 43659 | Crypt:1  | Gained mutation: You have a small jelly attached to you
                  | that senses nearby items. [Jiyva's grace]
 43659 | Crypt:1  | Gained mutation: Your body is covered in eyes which may
                  | confuse attackers. (Acc +7, SInv) [Jiyva's grace]
 43659 | Crypt:1  | Gained mutation: Your muscles are strong. (Str +4, Int/Dex
                  | -1) [Jiyva's grace]
 43659 | Crypt:1  | Gained mutation: Your muscles are very strong. (Str +8,
                  | Int/Dex -2) [Jiyva's grace]
 43825 | Crypt:1  | Found an ancient bone altar of Kikubaaqudgha.
 43916 | Crypt:1  | Found an ancient bone altar of Kikubaaqudgha.
 44381 | Crypt:2  | Identified the +3 leather armour "Hefig" {Rampage rN++
                  | rCorr Int-4}
 44468 | Crypt:2  | Reached skill level 1 in Dodging
 44617 | Crypt:2  | Identified the +7 broad axe "Jeuloz" {antimagic, *Corrode
                  | rF++ rC+}
 44957 | Crypt:3  | Entered Level 3 of the Crypt
 45008 | Crypt:3  | Found an ancient bone altar of Kikubaaqudgha.
 45042 | Crypt:3  | Identified the ring "Kiacuaff" {rCorr Dex+6}
 45226 | Crypt:3  | Found an ancient bone altar of Kikubaaqudgha.
 45227 | Crypt:3  | Found a basalt altar of Yredelemnul.
 45314 | Crypt:3  | Identified the +3 leather armour of the Sun {Str+4}
 45318 | Crypt:3  | Got the Discourse on the Cemetery
 45339 | Crypt:3  | Identified the +0 scale mail of Satisfaction {rN+ Will+
                  | Str+2}
 45368 | Crypt:3  | Identified the +5 spear of the Living Dead {vamp, rPois
                  | Stlth+}
 45457 | Crypt:3  | Found a staircase to the Tomb.
 45543 | Crypt:3  | Lost mutation: Your flesh is cold resistant. (rC+) [Jiyva's
                  | grace]
 45543 | Crypt:3  | Lost mutation: Your flesh is heat resistant. (rF+) [Jiyva's
                  | grace]
 45543 | Crypt:3  | Lost mutation: You have a small jelly attached to you that
                  | senses nearby items. [Jiyva's grace]
 45543 | Crypt:3  | Gained mutation: You have sharp fingernails. [Jiyva's
                  | grace]
 45543 | Crypt:3  | Gained mutation: You have very sharp fingernails. [Jiyva's
                  | grace]
 45543 | Crypt:3  | Gained mutation: You have claws for hands. [Jiyva's grace]
 45543 | Crypt:3  | Gained mutation: You have acidic saliva. [Jiyva's grace]
 45604 | Crypt:3  | Found a shimmering altar of Xom.
 45604 | Crypt:3  | Noticed Bunoc's ghost (veteran FoFi)
 45605 | Crypt:3  | Found a runed translucent door.
 45617 | Crypt:3  | Killed Bunoc's ghost
 46306 | Pan      | Entered Pandemonium
 46416 | Pan      | Reached skill level 5 in Dodging
 46519 | Pan      | Identified the staff of poison "Juluq" {rPois rC+ Str+6
                  | Int-2}
 46601 | Pan      | Found a transporter.
 46774 | Pan      | Noticed Aron the pandemonium lord
 46789 | Pan      | Killed Aron the pandemonium lord
 47099 | Pan      | Lost mutation: You have claws for hands. [Jiyva's grace]
 47099 | Pan      | Lost mutation: A frigid envelope surrounds you and freezes
                  | all who hurt you. [Jiyva's grace]
 47099 | Pan      | Lost mutation: Your muscles are very strong. (Str +8,
                  | Int/Dex -2) [Jiyva's grace]
 47099 | Pan      | Lost mutation: Your body is covered in eyes which may
                  | confuse attackers. (Acc +7, SInv) [Jiyva's grace]
 47099 | Pan      | Lost mutation: Your body has grown many eyes which may
                  | confuse attackers. (Acc +5) [Jiyva's grace]
 47099 | Pan      | Gained mutation: Your pliable body absorbs attacks. (AC +2,
                  | EV +2) [Jiyva's grace]
 47099 | Pan      | Gained mutation: Your gelatinous body deflects attacks. (AC
                  | +3, EV +3) [Jiyva's grace]
 47099 | Pan      | Gained mutation: You are mostly covered in iridescent
                  | scales. (AC +4) [Jiyva's grace]
 47099 | Pan      | Gained mutation: You are completely covered in iridescent
                  | scales. (AC +6) [Jiyva's grace]
 47368 | Pan      | Entered the realm of Gloorx Vloq.
 47403 | Pan      | Noticed Gloorx Vloq
 47420 | Pan      | Killed Gloorx Vloq
 47481 | Pan      | Got a dark rune of Zot
 47730 | Pan      | Found an exit through the horrors of the Abyss.
 47911 | Pan      | Noticed Ubuin the pandemonium lord
 47922 | Pan      | Killed Ubuin the pandemonium lord
 47937 | Pan      | Entered the realm of Cerebov.
 48080 | Pan      | Reached skill level 10 in Dodging
 48097 | Pan      | Lost mutation: You are completely covered in iridescent
                  | scales. (AC +6) [Jiyva's grace]
 48097 | Pan      | Lost mutation: You are mostly covered in iridescent scales.
                  | (AC +4) [Jiyva's grace]
 48097 | Pan      | Lost mutation: Your body has grown eyes which may confuse
                  | attackers. (Acc +3) [Jiyva's grace]
 48097 | Pan      | Lost mutation: Your gelatinous body deflects attacks. (AC
                  | +3, EV +3) [Jiyva's grace]
 48097 | Pan      | Lost mutation: You have a small jelly attached to you that
                  | may absorb projectiles. [Jiyva's grace]
 48097 | Pan      | Gained mutation: Your spells are a little harder to cast,
                  | but a little more powerful. [Jiyva's grace]
 48097 | Pan      | Gained mutation: Your spells are harder to cast, but more
                  | powerful. [Jiyva's grace]
 48097 | Pan      | Gained mutation: Your spells are much harder to cast, but
                  | much more powerful. [Jiyva's grace]
 48097 | Pan      | Gained mutation: You are covered in slimy tendrils that may
                  | disarm your opponents. [Jiyva's grace]
 48213 | Pan      | Got the Teachings on Charnel Shifting
 48262 | Pan      | Identified the +10 lajatang "Abbewai" {speed, Will+ SInv}
 48323 | Pan      | Got the Secrets of the Coarse Bane
 48328 | Pan      | Identified the ring "Cudghife" {Wiz rElec rPois Will++
                  | Dex-4}
 48329 | Pan      | Identified the +11 shortbow "Worm's Wrath" {flame, rElec
                  | MP+9 Str-5 Dex+2}
 48332 | Pan      | Identified the +0 robe of Claustrophobia {*Corrode Fly
                  | rPois Dex+3}
 48338 | Pan      | Found the +6 sword of Cerebov {flame}
 48338 | Pan      | Noticed Cerebov
 48374 | Pan      | Killed Cerebov
 48463 | Pan      | Identified the +7 dagger of the Dove {flame, rF+ rCorr}
 48521 | Pan      | Got a fiery rune of Zot
 48526 | Pan      | Identified the staff of poison "Bexyef" {*Corrode rElec
                  | rPois rC+++ Str-5}
 48553 | Pan      | Identified the +5 spear of Fragile Peace {flame, rC+ Int+4}
 48859 | Pan      | Noticed Liror the pandemonium lord
 48872 | Pan      | Killed Liror the pandemonium lord
 48935 | Pan      | Got a demonic rune of Zot
 48939 | Pan      | Entered the realm of Mnoleg.
 48998 | Pan      | Gained mutation: Your body sometimes deteriorates upon
                  | taking damage. [a neqoxec]
 49220 | Pan      | Gained mutation: You are frail. (-10% HP) [a cacodemon]
 49228 | Pan      | Noticed Mnoleg
 49236 | Pan      | Killed Mnoleg
 49292 | Pan      | Got a glowing rune of Zot
 49457 | Pan      | Found a runed translucent door.
 49519 | Pan      | Noticed Puxt the pandemonium lord
 49530 | Pan      | Killed Puxt the pandemonium lord
 49624 | Pan      | Entered the realm of Lom Lobon.
 49624 | Pan      | Noticed Lom Lobon
 49636 | Pan      | Killed Lom Lobon
 49656 | Pan      | Got a magical rune of Zot
 49833 | Pan      | Lost mutation: You have very sharp fingernails. [Jiyva's
                  | grace]
 49833 | Pan      | Lost mutation: You have sharp fingernails. [Jiyva's grace]
 49833 | Pan      | Lost mutation: You have razor-sharp toenails. [Jiyva's
                  | grace]
 49833 | Pan      | Lost mutation: You are partially covered in iridescent
                  | scales. (AC +2) [Jiyva's grace]
 49833 | Pan      | Lost mutation: You are frail. (-10% HP) [Jiyva's grace]
 49833 | Pan      | Gained mutation: You expend magic power (3 MP) to
                  | strengthen your wands. [Jiyva's grace]
 49833 | Pan      | Gained mutation: Your body has grown eyes which may confuse
                  | attackers. (Acc +3) [Jiyva's grace]
 49833 | Pan      | Gained mutation: Your body has grown many eyes which may
                  | confuse attackers. (Acc +5) [Jiyva's grace]
 49833 | Pan      | Gained mutation: Your body is covered in eyes which may
                  | confuse attackers. (Acc +7, SInv) [Jiyva's grace]
 49965 | Pan      | Found an exit through the horrors of the Abyss.
 50014 | Pan      | Took an exit into the Abyss.
 50014 | Abyss:1  | Escaped into the Abyss
 50263 | Abyss:3  | Found a corrupted altar of Lugonu.
 50425 | Abyss:3  | Found a corrupted altar of Lugonu.
 50445 | Abyss:3  | Found a corrupted altar of Lugonu.
 50447 | Abyss:3  | Got an abyssal rune of Zot
 50592 | Depths:1 | Escaped the Abyss
 50675 | Hell     | Lost mutation: You have acidic saliva. [a cacodemon]
 50690 | Hell     | Killed Geryon
 50901 | Hell     | Found a gateway to the Iron City of Dis.
 50962 | Hell     | Found a gateway to the ashen valley of Gehenna.
 51054 | Hell     | Found a gateway to the decaying netherworld of Tartarus.
 51164 | Hell     | Reached skill level 1 in Spellcasting
 51164 | Hell     | Reached skill level 1 in Transmutations
 51165 | Hell     | Reached skill level 1 in Necromancy
 51215 | Hell     | Found a gateway to the freezing wastes of Cocytus.
 51363 | Hell     | Lost mutation: Your body sometimes deteriorates upon taking
                  | damage. [Jiyva's grace]
 51363 | Hell     | Lost mutation: Your spells are much harder to cast, but
                  | much more powerful. [Jiyva's grace]
 51363 | Hell     | Lost mutation: Your body is covered in eyes which may
                  | confuse attackers. (Acc +7, SInv) [Jiyva's grace]
 51363 | Hell     | Lost mutation: Your body has grown many eyes which may
                  | confuse attackers. (Acc +5) [Jiyva's grace]
 51363 | Hell     | Gained mutation: Your translucent skin slightly reduces
                  | your foes' accuracy. (Stealth+) [Jiyva's grace]
 51363 | Hell     | Gained mutation: Your translucent skin reduces your foes'
                  | accuracy. (Stealth+) [Jiyva's grace]
 51363 | Hell     | Gained mutation: Your transparent skin significantly
                  | reduces your foes' accuracy. (Stealth+) [Jiyva's grace]
 51363 | Hell     | Gained mutation: Your muscles are very strong. (Str +8,
                  | Int/Dex -2) [Jiyva's grace]
 51418 | Tar:1    | Entered Level 1 of Tartarus
 51722 | Tar:2    | Reached skill level 5 in Transmutations
 51812 | Tar:4    | Reached skill level 5 in Spellcasting
 51814 | Tar:4    | Reached skill level 5 in Necromancy
 52325 | Tar:7    | Entered Level 7 of Tartarus
 52438 | Tar:7    | Noticed a dread lich
 52439 | Tar:7    | Killed a dread lich
 52485 | Tar:7    | Noticed a dread lich
 52488 | Tar:7    | Killed a dread lich
 52663 | Tar:7    | Noticed the Serpent of Hell
 52673 | Tar:7    | Killed the Serpent of Hell
 52685 | Tar:7    | Noticed Ereshkigal
 52712 | Tar:7    | Killed Ereshkigal
 52728 | Tar:7    | Noticed an ancient lich
 52733 | Tar:7    | Killed an ancient lich
 52864 | Tar:7    | Got a bone rune of Zot
 52992 | Coc:1    | Entered Level 1 of Cocytus
 53005 | Coc:1    | Reached skill level 10 in Transmutations
 53070 | Coc:1    | Lost mutation: You have sharp toenails. [Jiyva's grace]
 53070 | Coc:1    | Lost mutation: Your muscles are very strong. (Str +8,
                  | Int/Dex -2) [Jiyva's grace]
 53070 | Coc:1    | Lost mutation: Your spells are harder to cast, but more
                  | powerful. [Jiyva's grace]
 53070 | Coc:1    | Lost mutation: Your spells are a little harder to cast, but
                  | a little more powerful. [Jiyva's grace]
 53070 | Coc:1    | Lost mutation: You are covered in slimy tendrils that may
                  | disarm your opponents. [Jiyva's grace]
 53070 | Coc:1    | Gained mutation: You are covered in slimy tendrils that may
                  | disarm your opponents. [Jiyva's grace]
 53070 | Coc:1    | Gained mutation: You have sharp toenails. [Jiyva's grace]
 53070 | Coc:1    | Gained mutation: You have razor-sharp toenails. [Jiyva's
                  | grace]
 53070 | Coc:1    | Gained mutation: You have claws for feet. [Jiyva's grace]
 53403 | Coc:3    | You are sucked into a shaft and drop 1 floor!
 53769 | Coc:5    | Noticed an ancient lich
 53818 | Coc:5    | Reached skill level 10 in Necromancy
 53858 | Coc:5    | Reached skill level 10 in Spellcasting
 54012 | Coc:5    | Killed an ancient lich
 54165 | Coc:6    | Noticed a shard shrike
 54167 | Coc:6    | Noticed a shard shrike
 54174 | Coc:6    | Killed a shard shrike
 54176 | Coc:6    | Killed a shard shrike
 54187 | Coc:6    | Noticed a shard shrike
 54193 | Coc:6    | Killed a shard shrike
 54239 | Coc:6    | Noticed a shard shrike
 54241 | Coc:6    | Noticed a shard shrike
 54244 | Coc:6    | Killed a shard shrike
 54247 | Coc:6    | Killed a shard shrike
 54286 | Coc:7    | Entered Level 7 of Cocytus
 54548 | Coc:7    | Noticed a shard shrike
 54559 | Coc:7    | Killed a shard shrike
 54644 | Coc:7    | Identified the +7 glaive of Slime {flame, Drain Will++
                  | Dex+5}
 54824 | Coc:7    | Learned a level 8 spell: Necromutation
 54846 | Coc:7    | Noticed a shard shrike
 54851 | Coc:7    | Killed a shard shrike
 55155 | Coc:7    | Noticed a shard shrike
 55156 | Coc:7    | Noticed a shard shrike
 55160 | Coc:7    | Noticed a shard shrike
 55180 | Coc:7    | Killed a shard shrike
 55184 | Coc:7    | Killed a shard shrike
 55186 | Coc:7    | Killed a shard shrike
 55477 | Coc:7    | Identified the ring of Halueh {rPois MP-9 AC+4 Str+3}
 55477 | Coc:7    | Noticed Antaeus
 55515 | Coc:7    | Killed Antaeus
 55516 | Coc:7    | Reached skill level 15 in Transmutations
 55543 | Coc:7    | Noticed a shard shrike
 55548 | Coc:7    | Killed a shard shrike
 55617 | Coc:7    | Identified the amulet "Ynalo" {RegenMP MP+9 Int-5 Dex+2}
 55621 | Coc:7    | Got an icy rune of Zot
 55987 | Vaults:5 | Entered Level 5 of the Vaults
 56147 | Vaults:5 | Identified the ring "Qet Ach" {Will+ rCorr MP+9 Dex-3
                  | Stlth+}
 56153 | Vaults:5 | Got a silver rune of Zot
 56305 | Vaults:5 | Reached skill level 15 in Necromancy
 56395 | Vaults:5 | Identified the staff of death "Niomobuch" {rN+ Int+2
                  | Stlth+}
 56671 | Vaults:5 | Noticed a dread lich
 56681 | Vaults:5 | Killed a dread lich
 56791 | Vaults:5 | Identified the staff of poison "Akoepit" {rElec rPois rN++
                  | Int-2 Stlth-}
 56807 | Vaults:5 | Identified the +8 hand axe of Kilusue {flame, Int+4}
 56859 | Vaults:5 | Identified the +0 plate armour "Isaoried" {Str-3 Dex+4}
 56909 | Vaults:5 | Identified the amulet of the Fool {Spirit Rampage rC+
                  | Slay+3}
 56997 | Vaults:5 | Noticed a dread lich
 57000 | Vaults:5 | Killed a dread lich
 57218 | Vaults:5 | Identified the ring "Luir Cizu" {Fly rC+}
 57384 | Vaults:5 | Got Fiesac's Atlas of Chilling Anemomancy
 57699 | Vaults:5 | Identified the staff of death "Pagig" {rElec rF+ rC+ rN+
                  | Will+}
 58151 | Geh:1    | Entered Level 1 of Gehenna
 58159 | Geh:1    | Noticed a dread lich
 58167 | Geh:1    | Killed a dread lich
 58207 | Geh:1    | You are sucked into a shaft and drop 1 floor!
 58210 | Geh:2    | You are sucked into a shaft and drop 2 floors!
 58399 | Geh:4    | You are sucked into a shaft and drop 2 floors!
 58643 | Geh:7    | Entered Level 7 of Gehenna
 58861 | Geh:7    | Lost mutation: You have claws for feet. [Jiyva's grace]
 58861 | Geh:7    | Lost mutation: You are covered in slimy tendrils that may
                  | disarm your opponents. [Jiyva's grace]
 58861 | Geh:7    | Gained mutation: You are robust. (+10% HP) [Jiyva's grace]
 58861 | Geh:7    | Gained mutation: You are very robust. (+20% HP) [Jiyva's
                  | grace]
 58861 | Geh:7    | Gained mutation: You are extremely robust. (+30% HP)
                  | [Jiyva's grace]
 58861 | Geh:7    | Gained mutation: You are agile. (Dex +4, Str/Int -1)
                  | [Jiyva's grace]
 58980 | Geh:7    | Got Riqov's Almanac of Hyperthermia
 59166 | Geh:7    | Identified the +1 robe of Words of Power {Int+5}
 59247 | Geh:7    | Identified the staff of conjuration "Niabij" {rCorr SInv}
 59255 | Geh:7    | Found the +13 sceptre of Asmodeus
 59255 | Geh:7    | Noticed Asmodeus
 59264 | Geh:7    | Killed Asmodeus
 59330 | Geh:7    | Got an obsidian rune of Zot
 59511 | Dis:1    | Entered Level 1 of the Iron City of Dis
 59553 | Dis:1    | You are sucked into a shaft and drop 1 floor!
 59556 | Dis:2    | You are sucked into a shaft and drop 2 floors!
 59559 | Dis:4    | You are sucked into a shaft and drop 2 floors!
 59562 | Dis:6    | You are sucked into a shaft and drop 1 floor!
 59562 | Dis:7    | Entered Level 7 of the Iron City of Dis
 60550 | Dis:7    | Identified the ring "Qagguugia" {Ice Int+2}
 60587 | Dis:7    | Identified the staff of poison "Nuodiaz" {rElec rPois}
 60624 | Dis:7    | Noticed Dispater
 60647 | Dis:7    | Killed Dispater
 60703 | Dis:7    | Got an iron rune of Zot
 61702 | Tomb:1   | Entered Level 1 of the Tomb of the Ancients
 62034 | Tomb:1   | Noticed a royal mummy
 62043 | Tomb:1   | Killed a royal mummy
 62284 | Tomb:1   | Noticed a royal mummy
 62295 | Tomb:1   | Killed a royal mummy
 62415 | Tomb:2   | Noticed a royal mummy
 62415 | Tomb:2   | Noticed a royal mummy
 62415 | Tomb:2   | Noticed a royal mummy
 62416 | Tomb:2   | Noticed a royal mummy
 62431 | Tomb:2   | Killed a royal mummy
 62437 | Tomb:2   | Killed a royal mummy
 62438 | Tomb:2   | Killed a royal mummy
 62446 | Tomb:1   | Killed a royal mummy
 62616 | Tomb:2   | Learned a level 6 spell: Dispersal
 63067 | Tomb:1   | Noticed a royal mummy
 63069 | Tomb:1   | Noticed a royal mummy
 63071 | Tomb:1   | Killed a royal mummy
 63074 | Tomb:1   | Killed a royal mummy
 63080 | Tomb:1   | Noticed a royal mummy
 63088 | Tomb:1   | Noticed a royal mummy
 63090 | Tomb:1   | Killed a royal mummy
 63102 | Tomb:1   | Killed a royal mummy
 63110 | Tomb:1   | Noticed a royal mummy
 63115 | Tomb:1   | Killed a royal mummy
 63161 | Tomb:1   | Noticed a royal mummy
 63162 | Tomb:1   | Noticed a royal mummy
 63166 | Tomb:1   | Killed a royal mummy
 63167 | Tomb:1   | Noticed a royal mummy
 63168 | Tomb:1   | Killed a royal mummy
 63169 | Tomb:1   | Killed a royal mummy
 63229 | Tomb:1   | Noticed a royal mummy
 63235 | Tomb:1   | Noticed a royal mummy
 63236 | Tomb:1   | Killed a royal mummy
 63238 | Tomb:1   | Killed a royal mummy
 63268 | Tomb:1   | Noticed a royal mummy
 63275 | Tomb:1   | Killed a royal mummy
 63295 | Tomb:1   | Noticed a royal mummy
 63300 | Tomb:1   | Killed a royal mummy
 63350 | Tomb:1   | Noticed a royal mummy
 63351 | Tomb:1   | Noticed a royal mummy
 63355 | Tomb:1   | Killed a royal mummy
 63355 | Tomb:1   | Noticed a royal mummy
 63358 | Tomb:1   | Noticed a royal mummy
 63364 | Tomb:1   | Noticed a royal mummy
 63365 | Tomb:1   | Killed a royal mummy
 63369 | Tomb:1   | Noticed a royal mummy
 63369 | Tomb:1   | Killed a royal mummy
 63369 | Tomb:1   | Noticed a royal mummy
 63370 | Tomb:1   | Killed a royal mummy
 63371 | Tomb:1   | Noticed a royal mummy
 63373 | Tomb:1   | Noticed a royal mummy
 63374 | Tomb:1   | Killed a royal mummy
 63403 | Tomb:1   | Killed a royal mummy
 63404 | Tomb:1   | Killed a royal mummy
 63407 | Tomb:1   | Killed a royal mummy
 63414 | Tomb:1   | Killed a royal mummy
 63467 | Tomb:1   | Noticed a royal mummy
 63479 | Tomb:1   | Killed a royal mummy
 63600 | Tomb:3   | Entered Level 3 of the Tomb of the Ancients
 63623 | Tomb:3   | Noticed a royal mummy
 63626 | Tomb:3   | Noticed Khufu
 63630 | Tomb:3   | Killed a royal mummy
 63631 | Tomb:3   | Killed Khufu
 63631 | Tomb:3   | Noticed a royal mummy
 63633 | Tomb:3   | Noticed a royal mummy
 63634 | Tomb:3   | Noticed a royal mummy
 63635 | Tomb:3   | Noticed a royal mummy
 63637 | Tomb:3   | Noticed a royal mummy
 63645 | Tomb:3   | Killed a royal mummy
 63651 | Tomb:3   | Killed a royal mummy
 63718 | Tomb:3   | Noticed a royal mummy
 63725 | Tomb:3   | Killed a royal mummy
 63726 | Tomb:3   | Killed a royal mummy
 63727 | Tomb:3   | Noticed a royal mummy
 63727 | Tomb:3   | Killed a royal mummy
 63733 | Tomb:3   | Killed a royal mummy
 63733 | Tomb:3   | Killed a royal mummy
 63810 | Tomb:3   | Got a golden rune of Zot
 63928 | Tomb:3   | Identified the +7 spear of Defiance {antimagic, Fly rF+}
 63943 | Tomb:3   | Identified the +7 sling of Checkmate {freeze, rF+ rN+
                  | Int+3}
 63953 | Tomb:3   | Lost mutation: You have razor-sharp toenails. [Jiyva's
                  | grace]
 63953 | Tomb:3   | Lost mutation: You have sharp toenails. [Jiyva's grace]
 63953 | Tomb:3   | Lost mutation: You are agile. (Dex +4, Str/Int -1) [Jiyva's
                  | grace]
 63953 | Tomb:3   | Lost mutation: Your muscles are strong. (Str +4, Int/Dex
                  | -1) [Jiyva's grace]
 63953 | Tomb:3   | Gained mutation: You are agile. (Dex +4, Str/Int -1)
                  | [Jiyva's grace]
 63953 | Tomb:3   | Gained mutation: You are very agile. (Dex +8, Str/Int -2)
                  | [Jiyva's grace]
 63953 | Tomb:3   | Gained mutation: You have acidic saliva. [Jiyva's grace]
 63953 | Tomb:3   | Gained mutation: Your natural rate of healing is unusually
                  | fast. [Jiyva's grace]
 64002 | Tomb:3   | Found the +8 trishula "Condemnation" {holy, anguish, *Noise
                  | Fly rN+}
 64008 | Tomb:3   | Identified the ring of Grontol {rElec rPois Slay+2}
 64011 | Tomb:3   | Identified the ring of Skepticism {rElec Int+6}
 64012 | Tomb:3   | Identified the +0 helmet "Zanauti" {+Inv Will- Dex+2}
 64017 | Tomb:3   | Got the Atlas of the Scorpion and Ignition
 64019 | Tomb:3   | Got the Papyrus of Non-Euclidean Ill Luck
 64022 | Tomb:3   | Got Hioqe's Encyclopedia of Voltaic Heat
 64023 | Tomb:3   | Identified the staff of death "Boema" {rElec rF+ rC++ rN+
                  | Dex+4}
 64539 | Zig:1    | Entered Level 1 of a ziggurat
 64559 | Zig:2    | Entered Level 2 of a ziggurat
 64576 | Zig:2    | Identified the +2 plate armour of Cheibriados's Outrage
                  | {Will- Str+4 Slay+4}
 64589 | Zig:3    | Entered Level 3 of a ziggurat
 64623 | Zig:4    | Entered Level 4 of a ziggurat
 64663 | Zig:5    | Entered Level 5 of a ziggurat
 64667 | Zig:5    | Found the +3 salamander hide armour {Flames, rFlCloud rF++
                  | rC--}
 64683 | Zig:5    | Identified the staff of cold "Kizyutt" {rC+ rCorr Dex+4}
 64703 | Zig:6    | Entered Level 6 of a ziggurat
 64708 | Zig:6    | Noticed a juggernaut
 64712 | Zig:6    | Killed a juggernaut
 64727 | Zig:6    | Identified the ring of Xom's Full Attention {rPois rF+
                  | Slay+3}
 64753 | Zig:7    | Entered Level 7 of a ziggurat
 64759 | Zig:7    | Noticed a dread lich
 64760 | Zig:7    | Noticed a dread lich
 64764 | Zig:7    | Killed a dread lich
 64764 | Zig:7    | Killed a dread lich
 64766 | Zig:7    | Reached skill level 27 in Transmutations
 65028 | Zot:5    | Noticed a Killer Klown
 65033 | Zot:5    | Killed a Killer Klown
 65034 | Zot:5    | Noticed an orb of fire
 65037 | Zot:5    | Killed an orb of fire
 65042 | Zot:5    | Noticed an orb of fire
 65046 | Zot:5    | Noticed an ancient lich
 65049 | Zot:5    | Killed an ancient lich
 65053 | Zot:5    | Killed an orb of fire
 65095 | Zot:5    | Noticed an orb of fire
 65097 | Zot:5    | Noticed an orb of fire
 65098 | Zot:5    | Noticed an orb of fire
 65107 | Zot:4    | Killed an orb of fire
 65158 | Zot:5    | Noticed an orb of fire
 65158 | Zot:5    | Noticed an orb of fire
 65167 | Zot:4    | Killed an orb of fire
 65203 | Zot:5    | Noticed a dread lich
 65204 | Zot:5    | Killed a dread lich
 65205 | Zot:5    | Noticed an orb of fire
 65213 | Zot:5    | Killed an orb of fire
 65214 | Zot:5    | Reached skill level 27 in Fighting
 65287 | Zot:5    | Killed an orb of fire
 65442 | Zot:5    | Noticed an ancient lich
 65444 | Zot:5    | Killed an ancient lich
 65447 | Zot:5    | Killed an orb of fire
 65455 | Zot:5    | Noticed an orb of fire
 65461 | Zot:5    | Killed an orb of fire
 65524 | Zot:5    | Noticed a Killer Klown
 65539 | Zot:5    | Killed a Killer Klown
 65648 | Zot:5    | Got the Orb of Zot
 66130 | D:8      | Noticed Gesapnig the pandemonium lord
 66136 | D:8      | Killed Gesapnig the pandemonium lord
 66306 | D:$      | Escaped with the Orb!

Illustrated notes

Levels and vault maps discovered:
D:1:      heliophobic_arrival_henge, layout_rooms,
          nicolae_ecumenical_snake_handling
D:2:      minmay_roachtagon, layout_basic, basic_altar
D:3:      layout_rooms, nicolae_overflow_hidden_temple, minmay_misc_feat_tower,
          amcnicky_mini_pool_small, st_stairs_2, roderic_cross_of_infinity,
          mrwooster_statue_mirror, minmay_misc_feat_tiny, minmay_circle_x
D:4:      layout_loops_ring, hangedman_decor_growths, minmay_strange_pillars
D:5:      layout_rooms, chequers_temple_overflow_statue_of_worship,
          corexii_checkpoint_a, hangedman_feature_mirror
D:6:      minmay_spotlight, layout_rooms,
          nicolae_uskayaw_murder_on_the_dancefloor, amcnicky_altar_gilded,
          mainiacjoe_overflow_catwalk, uniq_eustachio, uniq_edmund
D:7:      layout_basic, minmay_temple_entry_grid, minmay_misc_feat_square,
          roderic_serpentine_path, minmay_hollow_rounded_squares
D:8:      layout_rooms, worldfamousw_hep_ancestral_shrine, erik_lair_dragon,
          corexii_corridor_pit, minmay_starry_boxes, uniq_grum,
          uniq_prince_ribbit1
D:9:      layout_irregular_city, old_standard_altar,
          mainiacjoe_overflow_tiny_flanked, serial_shops,
          nicolae_shop_real_fake_doors
D:10:     layout_roguey [special_room_bee], nicolae_overflow_two_pavilions,
          vehumet_crystals
D:11:     layout_big_octagon, chequers_big_river, uniq_josephine, uniq_erica
D:12:     layout_basic, orc_0_dummy, nicolae_shop_overcharged_wands
D:13:     regret_index_bee_streams, layout_irregular_city, serial_shops, shop,
          enter_trove_1, the_hattery
D:14:     orc_temple, layout_layer_cave, skrybe_vaults_entry_preservation,
          okawaru_trees_2
D:15:     hangedman_depths_entry_try_elsewhere_first, layout_irregular_city,
          serial_shops, shop, serial_co_window_serial, co_window_corner_a,
          co_window_cross_1, co_window_paths_a, co_window_paths_b,
          co_window_corner_a, co_window_2corner, co_window_2corner,
          co_window_cross_4, co_window_unsneaky_path_d, co_window_2corner,
          co_window_unsneaky_path_d, glass_columns_b, library_closet
Temple:   hellmonk_temple_beads
Lair:1:   minmay_guarded_unrand_snakebite, layout_loops_ring,
          eino_small_chamber_without_monster, lemuel_fruit_tree
Lair:2:   layout_gridlike, swamp_mist, nicolae_spider_entry_tight_spaces,
          minivault_19, cheibrodos_lair_reptile_den
Lair:3:   nzn_winding_woodlands_small [nzn_winding_woodlands_5x15_split_checker,
          nzn_winding_woodlands_center_lodge,
          nzn_winding_woodlands_5x15_pockets], layout_small_grid, basic_altar
Lair:4:   layout_gridlike, slime_entry_1
Lair:5:   evil_forest, layout_misc_corridors, uniq_rupert
Swamp:1:  layout_falls_marsh, hangedman_swamp_ruin_wall
Swamp:2:  layout_falls_marsh, evilmike_swamp_ruin_house_4
Swamp:3:  layout_basic_swamp, evilmike_swamp_ruin_house_1, swamp_pool3
Swamp:4:  grunt_swamp_rune_castle, layout_basic_swamp, infiniplex_staircase_pool
Spider:1: spiders_nest_scorpion_pit, uniq_louise, uniq_aizul
Spider:2: layout_cave_pods, drop_trap, nicolae_spider_wall_of_niches,
          uniq_roxanne
Spider:3: layout_spider_delve, nicolae_spider_orb_run
Spider:4: hellmonk_spider_rune_bug_friends, uniq_arachne
Slime:1:  layout_caves
Slime:2:  layout_caves
Slime:3:  layout_caves
Slime:4:  layout_caves
Slime:5
Orc:1:    layout_caves, basic_altar, portal_ice_cave_entry_imps, uniq_nergalle
Orc:2:    st_orc_congregation, layout_caves, basic_altar, serial_shops,
          nicolae_shop_tiny_statue_garden, uniq_maurice
Elf:1:    nicolae_elf_arrival_fired_up, layout_loops_cross,
          gammafunk_ghost_tricky_traps, orc_legates, nicolae_elf_martial_mastery
Elf:2:    elven_hall_of_blades_hangedman_alternative
          [nicolae_blade_entry_crossed_weapons], layout_geoelf_diagonals
Elf:3:    minmay_elf_hall, layout_onion_city, serial_shops, shop,
          dilly_guarded_unrand_elemental_staff, minmay_shop_grove
Vaults:1: nicolae_vaults_diamond_2, vaults_dpeg_ring, nicolae_vaults_house_2,
          vaults_standard_mumra_x, nicolae_vaults_offset_grid_hallway_3,
          grunt_vaults_hallway_short, v_rooms_3,
          nicolae_vaults_trapezoid_lopsided_3, nicolae_vaults_mini_display_case,
          ontoclasm_vaults_decontamination, grunt_vaults_funnel,
          layout_vaults_omnigrid
Vaults:2: grunt_vaults_bifocal, nicolae_vaults_offset_grid_hallway_2,
          hangedman_vaults_river_flow, v_rooms_5, ontoclasm_vaults_gateway,
          nicolae_vaults_trapezoid_4, v_rooms_4, layout_vaults_big_room
Vaults:3: minmay_crypt_entry_simple_round, nicolae_vaults_swerve,
          nicolae_vaults_stepped_doors, ontoclasm_vaults_twist,
          nicolae_vaults_border_crossing, v_rooms_5, v_rooms_6,
          ontoclasm_vaults_eye, nicolae_vaults_storage_room_statues,
          layout_vaults_ring
Vaults:4: nicolae_vaults_little_squares_2, nicolae_vaults_house_1, v_misc_32,
          v_misc_30, vaults_standard_mumra_enter_the_diamond,
          vaults_room_ringed_pool, ontoclasm_vaults_ring_small,
          hangedman_vaults_trim, nicolae_vaults_network_barrier, v_rooms_1,
          nicolae_vaults_apartment_2, nicolae_vaults_trapezoid_1,
          layout_vaults_omnibox, serial_shops, shop
Vaults:5: serial_shops
Crypt:1:  layout_misc_corridors, basic_altar, lemuel_statue_altar
Crypt:2:  layout_chaotic_city, grunt_megastairs_4
Crypt:3:  lightli_unholy_cathedral, layout_chaotic_city,
          tomb_entry_shell_bobbens, ebering_ghost_xom, basic_altar
Tomb:1
Tomb:2
Tomb:3:   uniq_khufu
Depths:1: layout_cave_pools, nicolae_hexahallways, serial_column_ruins,
          column_ruins_columns_straight, column_ruins_columns_straight,
          column_ruins_columns_corner, hell_entry, pan_entry,
          minmay_crystal_box, serial_bayou_shore_a, uniq_sojobo
Depths:2: hangedman_screamer, layout_twisted_cross,
          pf_vacation_house_of_asmodeus, dreamdust_wishing_well, pan_entry,
          infiniplex_staircase_river, serial_bayou_shore_b, grunt_megastairs_5
Depths:3: minmay_nested_s, layout_basic, serial_shops, nicolae_take_the_stairs,
          grunt_hell_horde, chequers_serial_rivers_small_a, abyss_entry,
          hangedman_stitches_earthworm, infiniplex_staircase_9_rooms
Depths:4: evilmike_zot_entry_argh, layout_basic, enter_ziggurat_d, hellmouth_1,
          nicolae_tso_carved_into_rock
Hell
Dis:1:    layout_gridville, nicolae_hells_hurtin_island
Dis:2:    layout_jigsaw, serial_glass, glass_columns_a, glass_columns_a,
          glass_columns_a, glass_columns_c
Dis:4:    layout_subdivisions
Dis:6:    layout_regular_city, nicolae_hells_fiendish_ambush
Dis:7:    iron_city_of_dis [dis_old, dis_wall_3], layout_gridville
Geh:1:    layout_gehenna_pools_box, lemuel_flamethrower_2
Geh:2:    layout_gehenna_pools_triple
Geh:4:    layout_gehenna_pools_triple
Geh:6:    layout_gehenna_lava_caves
Geh:7:    geh_grunt
Coc:1:    layout_ice_bergs
Coc:2:    layout_ice_bergs
Coc:3:    layout_ice_bergs
Coc:4:    layout_cocytus_water_paths
Coc:5:    layout_cocytus_delve
Coc:6:    layout_cocytus_water_paths
Coc:7:    coc_hangedman
Tar:1:    layout_catacombs
Tar:2:    layout_cathedral_of_symmetry
Tar:3:    layout_catacombs
Tar:4:    layout_grid_maze, nicolae_tar_cuneiform_two
Tar:5:    nicolae_tar_intersect_combbox, layout_cathedral_of_symmetry
Tar:6:    layout_grid_maze, nicolae_tar_cuneiform_three
Tar:7:    tar_old
Zot:1:    layout_basic, gammafunk_ghost_berserking_beasts
Zot:2:    layout_gridville, uniq_tiamat, uniq_josephina
Zot:3:    grunt_zot_stairs_faceoff, layout_onion_interference,
          grunt_megastairs_2
Zot:4:    grunt_twist_and_shout, layout_onion
Zot:5:    layout_basic, hangedman_zot_decor_tridents

Skill      XL: |  1  2  3  4  5  6  7  8  9 10 11 12 13 14 15 16 17 18 19 20 21 22 23 24 25 26 27 |
---------------+----------------------------------------------------------------------------------+-----
Fighting       | 2 3 4 5 6 8 11 12 15 16 18 21 22 24 25 27 | 27.0
Evocations     | 4 5 7 8 11 14 | 14.0
Armour         | 5 6 8 10 12 14 15 17 20 21 26 | 26.6
Maces & Flails | 7 12 15 16 18 20 26 | 26.0
Shields        | 6 7 9 10 14 15 20 25 26 | 26.9
Translocations | 1 11 16 18 | 18.8
Dodging        | 10 | 10.0
Spellcasting   | 10 | 10.0
Transmutations | 27 | 27.0
Necromancy     | 23 | 23.8
Stealth        | |  1.2

Action                     |  1- 3 |  4- 6 |  7- 9 | 10-12 | 13-15 | 16-18 | 19-21 | 22-24 | 25-27 || total
---------------------------+-------+-------+-------+-------+-------+-------+-------+-------+-------++-------
  Melee: Club              |    19 |       |       |       |       |       |       |       |       ||    19
         Punch             |     1 |     3 |     5 |    13 |     8 |       |       |       |       ||    30
         Dagger            |    29 |       |       |       |       |       |       |       |       ||    29
         Short sword       |    62 |   183 |    44 |       |       |       |       |       |       ||   289
         Dire flail        |       |       |   192 |   536 |   784 |   305 |       |       |       ||  1817
         Bite              |       |       |     5 |    29 |       |   131 |    84 |       |   139 ||   388
         Whip              |       |       |       |    38 |   464 |       |       |       |       ||   502
         Great mace        |       |       |       |       |       |   760 |  1139 |  1191 |  6012 ||  9102
         Kick              |       |       |       |       |       |    99 |       |       |   676 ||   775
  Throw: Dart              |       |       |       |     1 |       |       |       |       |       ||     1
         Boomerang         |       |       |       |       |       |   109 |       |       |       ||   109
   Cast: Manifold Assault  |       |       |       |       |       |       |       |       |  1624 ||  1624
         Necromutation     |       |       |       |       |       |       |       |       |    50 ||    50
         Apportation       |       |       |       |       |       |       |       |       |     3 ||     3
 Invoke: Oozemancy         |       |       |     2 |     2 |     3 |     4 |     3 |       |     8 ||    22
         Slimify           |       |       |       |     1 |     1 |       |       |       |     2 ||     4
Ability: Dig               |       |       |       |       |     2 |     5 |       |    11 |    19 ||    37
         Shaft Self        |       |       |       |       |       |       |       |       |     8 ||     8
         End Transformatio |       |       |       |       |       |       |       |       |     4 ||     4
  Evoke: Wand              |     6 |       |       |       |     1 |       |    12 |     1 |     3 ||    23
         Phantom mirror    |       |       |       |       |     1 |     1 |       |       |     4 ||     6
    Use: Potion            |     1 |       |       |       |     1 |     1 |     1 |       |    24 ||    28
         Scroll            |       |       |       |     4 |     1 |    15 |    12 |     1 |    18 ||    51
   Stab: Sleeping          |     2 |     1 |       |       |       |       |       |       |       ||     3
         Distracted        |       |       |       |       |     1 |       |     1 |     2 |     2 ||     6
         Confused          |       |       |       |       |       |     1 |       |       |    22 ||    23
 Armour: Ring mail         |    63 |    22 |    85 |     7 |       |       |       |       |       ||   177
         Scale mail        |       |    55 |     1 |       |       |       |       |       |       ||    56
         Plate armour      |       |       |       |    50 |       |       |       |       |       ||    50
         Chain mail        |       |       |       |   152 |   279 |   311 |   332 |    60 |       ||  1134
         Gold dragon scale |       |       |       |       |       |       |       |   317 |  1190 ||  1507
         Skin              |       |       |       |       |       |       |       |       |     3 ||     3
  Dodge: Dodged            |    84 |   109 |   129 |   142 |   514 |   671 |   758 |   597 |  1726 ||  4730
  Block: Other             |       |       |    19 |   161 |    23 |       |       |       |       ||   203
         Buckler           |       |       |       |       |   314 |   691 |   392 |       |       ||  1397
         Reflection        |       |       |       |       |       |     8 |       |       |       ||     8
         Kite shield       |       |       |       |       |       |       |   196 |   685 |  1414 ||  2295
         Tower shield      |       |       |       |       |       |       |       |       |  1296 ||  1296
